 Dungeon Crawl Stone Soup version 0.22-a0-273-g3d7ae589ec (webtiles) character file.

841132 Qrupt the Conqueror (level 27, -5/273 HPs)
             Began as a Human Chaos Knight on Mar 14, 2015.
             Killed from afar by a Brimstone Fiend (45 damage)
             ... with damnation
             ... created by the effects of Hell
             ... on level 7 of Gehenna on Mar 13, 2018.
             The game lasted 10:32:06 (82789 turns).

Qrupt the Conqueror (Human Chaos Knight)           Turns: 82789, Time: 10:32:36

Health: -5/273     AC: 35    Str: 28      XL:     27
Magic:  50/50      EV: 18    Int:  1 (6)  God:    Xom [......]
Gold:   7444       SH: 30    Dex: 18 (25) Spells: 55/55 levels left

rFire    + + +     SeeInvis .   m - +11 demon whip "Killer Bee's Bane" {flame, rF- MR++ Dex+5}
rCold    + + +     Gourm    .   x - +5 large shield "Blajotats" {rElec} (curse)
rNeg     + + .     Faith    .   s - +3 plate armour "Sikauw" {rPois Str+6} (curse)
rPois    +         Spirit   .   (helmet restricted)
rElec    +         Reflect  .   C - +1 cloak (curse)
rCorr    .         Harm     .   d - +2 pair of gloves (curse)
MR       +++++                  (no boots)
Stlth    ..........             o - amulet of the Scarab {Acrobat rF+++ rC+ Str-2 Int-3}
HPRegen  0.55/turn              g - ring of Eddo {SustAt rN++ Str+3 Int-5 Dex+4} (curse)
MPRegen  0.32/turn              M - ring of Reac {+Inv rC+ MR++ MP+9} (curse)

@: no status effects
A: beak, claws 1, hooves 2, horns 2, molten scales 3, blink, clumsy 1, cold
resistance 2, deterioration 1, magic resistance 1, sense surroundings 2, poison
resistance, robust 1, shaggy fur 1, strong 1, wild magic 2, evolution 1
}: 6/15 runes: serpentine, barnacled, slimy, silver, iron, abyssal
a: Blink, Renounce Religion, Evoke Invisibility


You were on level 7 of Gehenna.
You worshipped Xom.
You were a very special plaything of Xom.
You were not hungry.

You visited 14 branches of the dungeon, and saw 75 of its levels.
You visited the Abyss 2 times.
You visited 2 bazaars.
You also visited: Labyrinth and Wizlab.

You collected 10337 gold pieces.
You spent 2893 gold pieces at shops.

Inventory:

Hand Weapons
 m - the +11 demon whip "Killer Bee's Bane" (weapon) {flame, rF- MR++ Dex+5}
   (You found it on level 7 of the Iron City of Dis)

   It has been specially enchanted to burn those struck by it, causing extra
   injury to most foes and up to half again as much damage against particularly
   susceptible opponents.
   It affects your dexterity (+5).
   It makes you vulnerable to fire.
   It affects your resistance to hostile enchantments.
 A - the cursed +6 arbalest "Damnation" {damnation}
   (You found it on level 3 of the Crypt)

   It has a curse placed upon it.
 B - the +4 staff of Dispater
   (You took it off Dispater on level 7 of the Iron City of Dis)
 V - a +9 eveningstar of freezing
Armour
 d - a cursed +2 pair of gloves (worn)
 s - the cursed +3 plate armour "Sikauw" (worn) {rPois Str+6}
   (You found it on level 5 of the Snake Pit)

   It affects your strength (+6).
   It protects you from poison.
   It has a curse placed upon it.
 u - the +2 scale mail of the Lute {+Inv rPois rN+ Str-5}
   (You took it off an iron imp on level 7 of the Iron City of Dis)

   It affects your strength (-5).
   It protects you from poison.
   It protects you from negative energy.
   It lets you turn invisible.
 x - the cursed +5 large shield "Blajotats" (worn) {rElec}
   (You took it off a minotaur in a labyrinth)

   It insulates you from electricity.
   It has a curse placed upon it.
 C - a cursed +1 cloak (worn)
 J - the cursed +0 chain mail of Atheism {*Contam *Slow rN+++ Dex+7}
   (You found it on level 7 of Gehenna)

   It affects your dexterity (+7).
   It renders you almost immune to negative energy.
   It causes magical contamination when unequipped.
   It may slow you when you take damage.
   It has a curse placed upon it.
Jewellery
 g - the cursed ring of Eddo (left hand) {SustAt rN++ Str+3 Int-5 Dex+4}
   (You took it off a deep elf death mage on level 3 of the Elven Halls)

   [ring of sustain attributes]

   It sustains your strength, intelligence and dexterity.
   It affects your strength (+3).
   It affects your intelligence (-5).
   It affects your dexterity (+4).
   It greatly protects you from negative energy.
   It has a curse placed upon it.
 h - a cursed ring of see invisible
 k - the cursed ring of Moodiness {Fire MR+ Dex+3}
   (You took it off a kobold on level 8 of the Dungeon)

   [ring of fire]

   It enhances your fire magic.
   It affects your dexterity (+3).
   It protects you from fire.
   It makes you vulnerable to cold.
   It affects your resistance to hostile enchantments.
   It has a curse placed upon it.
 o - the amulet of the Scarab (around neck) {Acrobat rF+++ rC+ Str-2 Int-3}
   (You found it on level 7 of the Iron City of Dis)

   [amulet of the acrobat]

   It helps you evade while moving and waiting.
   It affects your strength (-2).
   It affects your intelligence (-3).
   It renders you almost immune to fire.
   It protects you from cold.
 q - an uncursed amulet of magic regeneration
 v - the brooch of Shielding {Reflect SH+8}
   (You took it off a minotaur in a labyrinth)

   [amulet of reflection]

   It shields you and reflects attacks.
   It affects your SH (+8).
 D - a cursed amulet of nothing
 G - an uncursed ring of protection from fire
 M - the cursed ring of Reac (right hand) {+Inv rC+ MR++ MP+9}
   (You took it off a vault guard on level 5 of the Vaults)

   [ring of magical power]

   It protects you from cold.
   It affects your resistance to hostile enchantments.
   It affects your magic capacity (+9).
   It lets you turn invisible.
   It has a curse placed upon it.
 Q - the cursed ring of the Madman {+cTele +Inv Slay+3 Stlth-}
   (You found it on level 6 of the Pits of Slime)

   [ring of teleport control]

   It can be evoked for teleport control.
   It affects your accuracy and damage with ranged weapons and melee attacks
   (+3).
   It lets you turn invisible.
   It makes you less stealthy.
   It has a curse placed upon it.
 T - a cursed ring of flight
Wands
 l - a wand of digging (8)
Scrolls
 e - 24 scrolls of remove curse
 i - a scroll of identify
 p - 12 scrolls of removedness
 t - 7 scrolls of fear
 w - 9 scrolls of magic mapping
 y - 7 scrolls of fog
 E - 11 scrolls of blinking
 K - a scroll of summoning
 L - 5 scrolls of enchant weapon
 N - 4 scrolls of holy word
 O - 2 scrolls of teleportation
 S - 10 scrolls of enchant armour
Potions
 a - 2 potions of curing
 n - 4 potions of haste
 F - 2 potions of restore abilities
 I - 5 potions of agility
 W - 4 potions of might
Miscellaneous
 b - a lightning rod (4/4)
 f - a legendary deck of defence {drawn: 3}
 r - a lamp of fire
 z - the horn of Geryon
 H - a phial of floods
 R - 3 phantom mirrors
Comestibles
 c - 26 rations
 j - 31 rations


   Skills:
 O Level 27 Fighting
 O Level 27 Maces & Flails
 - Level 22.5 Armour
 - Level 15.6 Dodging
 + Level 20.9 Shields
 - Level 14.7 Spellcasting
 - Level 12.4 Evocations


You had 55 spell levels left.
You didn't know any spells.

Dungeon Overview and Level Annotations

Branches:
Dungeon (15/15)            Temple (0/1) D:5            Lair (8/8) D:11
 Shoals (5/5) Lair:3        Snake (5/5) Lair:3        Slime (6/6) Lair:6
    Orc (4/4) D:9             Elf (3/3) Orc:3        Vaults (5/5) D:13
  Crypt (3/3) Vaults:2       Tomb (1/3) Crypt:3      Depths (5/5) D:15
   Hell (1/1)                 Dis (7/7) Hell            Geh (7/7) Hell
    Coc (0/7) Hell            Tar (0/7) Hell
    Zot: Depths:5

Altars:
Ashenzari
Cheibriados
Dithmenos
Elyvilon
Gozag
Makhleb
Nemelex Xobeh
Okawaru
Qazlal
Sif Muna
Trog
Vehumet
Xom
Zin
The Shining One
Beogh
Jiyva

Shops:
D:4 *   D:11 %[   D:12 :   D:13 %   Orc:1 :   Orc:4 [?!   Snake:4 [
Vaults:2 *[=?   Vaults:4 :   Vaults:5 =   Depths:1 *   Depths:2 !

Portals:
Hell: Lair:8 Depths:1 Depths:2 Depths:3 Depths:4 Depths:5
Abyss: Depths:1 Depths:4 Depths:5
Pandemonium: Depths:3 Depths:4 Depths:5
Ziggurat: Depths:3 Depths:5

Annotations:
Shoals:3 Polyphemus
Geh:7 Asmodeus; Execuda's ghost, legendary GrFi


Innate Abilities, Weirdness & Mutations

You have a beak for a mouth.
You have sharp fingernails.
You have hoof-like feet.
You have a pair of horns on your head.
You are completely covered in molten scales. (AC +4, rF+)
You can translocate small distances at will.
You are clumsy. (Dex -2)
Your flesh is very cold resistant. (rC++)
Your body sometimes deteriorates upon taking damage.
You are resistant to hostile enchantments. (MR+)
You passively map the area around you.
Your system is resistant to poisons. (rPois)
You are robust. (+10% HP)
You are covered in fur. (AC +1)
Your muscles are strong. (Str +2)
Your spells are harder to cast, but more powerful.
You evolve.


Message History

The tormentor is almost dead.
The tormentor calls on the powers of darkness!
Your body is wracked with pain!
You thrash the tormentor!!
You kill the tormentor!
The Brimstone Fiend gestures at you.
The sphere of damnation explodes!
The damnation engulfs you!
* * * LOW HITPOINT WARNING * * *
The damnation engulfs the Brimstone Fiend.
The Brimstone Fiend completely resists.
Things that are here:
a pair of boots; a hell hound skeleton You hit the Brimstone Fiend.
You kick the Brimstone Fiend, but do no damage.
You peck the Brimstone Fiend, but do no damage.
The Brimstone Fiend is lightly wounded.
The Brimstone Fiend gestures at you.
The sphere of damnation explodes!
The damnation engulfs you!
You die...
Xom bursts into laughter!

.......#..#..#..'.#≈≈≈≈#*****
................'.#≈≈≈≈##****
.......#..#..#..'.#≈≈≈≈##****
.#..#...........#.#≈≈≈§##****
.......##########.#§§§≈##****
########.......'..#≈≈§§##****
.......#..###..####§≈≈≈##****
.......'.......#.#≈≈§≈≈##****
..)#############@#W≈≈≈§#*****
...)........'..÷1##§§≈≈#*****
####......).######*≈≈≈≈#*****
#≈≈#####'#####§3#**≈≈≈≈#*****
≈≈≈§≈≈#...#§≈≈§§§≈≈≈≈≈≈#*****
≈≈≈§≈≈#8.8#≈≈≈§≈§≈≈≈≈≈≈#*****
≈≈≈≈≈≈#...#≈≈v§≈§§≈≈≈≈≈******
≈§≈§≈≈#...#≈§≈≈≈v3≈§≈≈≈******
§≈§≈≈≈#8.8#§§≈≈§§§≈≈≈≈≈******


You could see a Brimstone Fiend, a smoke demon and Execuda's ghost.

Vanquished Creatures
  the Royal Jelly (Slime:6)
  Dispater (Dis:7)
  6 ancient liches
  2 greater mummies (Tomb:1)
  Saint Roka (Orc:4)
  Geryon (Hell)
  A golden dragon (Vaults:5)
  A profane servitor (Abyss:4)
  7 bone dragons
  the Enchantress (Depths:3)
  20 Brimstone Fiends
  2 tentacled monstrosities (Vaults:5)
  3 hellephants
  8 Hell Sentinels
  5 Ice Fiends
  2 Tzitzimimeh
  6 titans
  A deep elf blademaster (Elf:3)
  2 deep elf master archers (Elf:3)
  20 acid blobs
  8 quicksilver dragons
  3 thorn hunters (Depths:3)
  7 eldritch tentacles
  8 liches
  5 Executioners
  12 sphinxes
  2 krakens
  21 tentacled starspawn
  6 shadow dragons
  A removed MONS_OCTOPODE_CRUSHER (Depths:4)
  8 tengu reavers (Vaults:5)
  An ancient champion (Crypt:1)
  Kirke (Elf:2)
  A shadow dragon (shapeshifter) (Depths:3)
  Frances (Shoals:3)
  2 revenants
  2 storm dragons (Vaults:5)
  13 azure jellies
  Ilsuiw (Shoals:5)
  6 nagarajas (Snake:5)
  20 balrugs
  A removed MONS_WIGLAF (Elf:2)
  11 fire giants
  A removed MONS_MAUD (Elf:1)
  15 iron dragons
  15 deep elf sorcerers
  16 vault wardens
  9 frost giants
  2 orc warlords
  3 curse skulls
  An emperor scorpion (Depths:5)
  3 cacodemons
  15 ghouls
  20 war gargoyles
  A removed MONS_DRACONIAN_ZEALOT (Abyss:4)
  17 ironheart preservers
  A spriggan defender (Depths:3)
  69 reapers
  An ophan (Abyss:1)
  8 very ugly things
  20 stone giants
  8 rakshasas
  4 deep elf demonologists
  4 vampire knights
  2 removed MONS_SALAMANDER_FIREBRANDs
  2 dire elephants
  55 starcursed masses
  Azrael (D:15)
  16 lorocyprocas
  11 deep elf annihilators
  9 ettins
  4 removed MONS_UNBORNs
  10 green deaths
  4 eidola
  5 merfolk javelineers (Shoals:5)
  4 blizzard demons
  A crystal guardian (Vaults:5)
  11 deep elf death magi
  5 mummy priests
  6 quicksilver dragon zombies
  4 death oozes
  3 minotaurs
  36 vault guards
  2 quicksilver dragon skeletons
  14 merfolk impalers
  6 fire dragons
  8 deep elf high priests
  11 jiangshi
  A ghost crab (Abyss:4)
  Fannar (Orc:3)
  6 hydras
  6 great orbs of eyes
  Harold (Lair:1)
  6 anacondas
  13 yaktaur captains
  A monstrous demonspawn (Depths:3)
  18 naga warriors
  A catoblepas (Shoals:3)
  Nessos (Snake:2)
  2 alligator snapping turtles
  11 ice dragons
  3 merfolk avatars
  Erica (D:11)
  5 merfolk aquamancers
  4 spriggan air magi
  4 satyrs
  21 ogre magi
  A death yak (shapeshifter) (Lair:8)
  4 death yaks
  A deep troll earth mage (Depths:5)
  22 dancing weapons
  2 death knights
  15 centaur warriors
  3 deep troll shamans
  19 thrashing horrors
  An alligator (Vaults:3)
  2 vampire magi
  6 orc high priests (Orc:4)
  5 tengu warriors
  14 naga sharpshooters
  21 sun demons
  5 titan zombies
  17 soul eaters
  3 spriggan berserkers
  Nergalle (Lair:7)
  3 storm dragon zombies
  10 shock serpents
  49 hell knights
  21 hell hogs
  5 iron golems
  A fire crab (Abyss:4)
  14 wretched stars
  10 hell beasts
  6 titan skeletons
  12 death scarabs (Tomb:1)
  91 skeletal warriors
  6 shadow wraiths
  A storm dragon skeleton (Dis:4)
  2 unseen horrors
  25 deep elf knights
  12 flayed ghosts
  A golden dragon zombie (Crypt:2)
  2 spatial maelstroms
  5 anaconda zombies
  5 salamander mystics
  14 deep trolls
  19 ironbrand convokers
  4 glowing orange brains
  18 sea snakes
  7 shadow demons
  6 removed MONS_HILL_GIANTs
  23 harpies
  An unseen horror (shapeshifter) (Vaults:5)
  18 ice devils
  3 naga ritualists
  A deep troll (shapeshifter) (Vaults:5)
  3 ghost moth zombies
  5 golden dragon skeletons
  3 ice statues
  An obsidian statue (Depths:2)
  7 removed MONS_DEEP_ELF_SUMMONERs
  An anaconda skeleton (Dis:4)
  4 shadow dragon zombies
  A torturous demonspawn (Depths:3)
  17 orc knights
  A wolf spider (shapeshifter) (Crypt:1)
  17 removed MONS_DEEP_ELF_CONJURERs
  9 phantasmal warriors
  2 removed
  MONS_ANUBIS_GUARDs (Tomb:1)
  An orb spider (Abyss:3)
  7 wolf spider zombies
  4 mana vipers
  A cyclops (shapeshifter) (Depths:1)
  4 iron dragon zombies
  13 fauns
  5 shining eyes
  17 removed MONS_GRIFFONs
  10 necromancers
  3 shadow dragon skeletons
  11 orc sorcerers
  12 stone giant zombies
  2 hornets
  9 frost giant zombies
  A hornet (shapeshifter) (Vaults:3)
  5 wolf spiders
  7 wizards
  9 worldbinders
  24 ugly things
  9 cyclopes
  5 fire giant zombies
  11 water nymphs
  A shock serpent zombie (Tomb:1)
  10 merfolk sirens
  7 sixfirhies
  5 salamanders
  4 molten gargoyles
  3 frost giant skeletons
  Maurice (Orc:1)
  11 elephants (Lair:8)
  10 manticores
  4 stone giant skeletons
  10 vault sentinels
  A guardian serpent (shapeshifter) (Vaults:1)
  A titan simulacrum (Depths:2)
  5 dire elephant zombies
  2 fire giant skeletons
  A centaur zombie (D:15)
  12 guardian serpents
  6 orange demons
  3 apocalypse crabs
  26 black mambas
  83 rust devils
  15 smoke demons
  An octopode (shapeshifter) (Abyss:3)
  38 hellions
  4 torpor snails
  16 naga magi
  A spiny frog (shapeshifter) (Depths:3)
  4 gargoyles (Crypt:3)
  4 eyes of devastation
  13 komodo dragons
  A yaktaur (shapeshifter) (Vaults:2)
  Psyche (D:9)
  7 efreet
  4 demonic crawlers
  2 dire elephant skeletons
  8 spiny frogs
  45 tormentors
  5 spectral swamp worms (Depths:1)
  A catoblepas zombie (Dis:3)
  A rime drake (Lair:5)
  An elf (shapeshifter) (Vaults:3)
  38 yaktaurs
  5 iron troll zombies (Dis:2)
  A death yak skeleton (Depths:2)
  An anaconda simulacrum (Hell)
  A white draconian skeleton (Crypt:2)
  A kobold demonologist (D:13)
  13 ancient zymes
  4 harpy zombies
  2 silent spectres (Crypt:1)
  A sphinx simulacrum (Depths:2)
  A minotaur skeleton (Geh:5)
  A komodo dragon (shapeshifter) (Vaults:2)
  A queen bee (Lair:3)
  A wandering mushroom (Abyss:4)
  18 removed MONS_DEEP_ELF_PRIESTs
  5 tengu conjurers
  A red draconian skeleton (Geh:6)
  9 guardian mummies
  6 hydra zombies
  34 red devils
  A raiju (shapeshifter) (Depths:2)
  22 removed MONS_BLUE_DEVILs
  2 iron troll skeletons (Dis:2)
  A two-headed ogre (shapeshifter) (Vaults:1)
  A queen bee (shapeshifter) (Elf:2)
  The ghost of Restia the Skirmisher, an average DsMo (D:6)
  Sonja (D:15)
  45 merfolk
  A minotaur zombie (Hell)
  5 hellwings
  2 polar bears
  18 freezing wraiths
  15 snapping turtles
  10 trolls
  3 tyrant leeches (Lair:3)
  39 raiju
  A stone giant simulacrum (Vaults:3)
  Grinder (D:6)
  9 removed MONS_RAVENs
  A removed MONS_RAVEN (shapeshifter) (Vaults:4)
  2 removed MONS_BOULDER_BEETLEs
  116 slime creatures
  4 wind drakes
  2 spriggan zombies
  22 blink frogs
  6 ettin zombies
  5 alligator zombies
  A hornet zombie (D:15)
  3 hydra skeletons
  5 bog bodies
  37 two-headed ogres
  3 ice dragon zombies
  2 ghosts
  A basilisk (D:12)
  7 fire dragon zombies
  2 ettin skeletons
  34 yaks
  2 fire dragon skeletons
  3 ice dragon skeletons
  13 ynoxinuls
  13 water elementals
  44 flying skulls
  9 redbacks
  2 removed MONS_TRAPDOOR_SPIDERs
  7 air elementals
  27 shadows
  A basilisk (shapeshifter) (Abyss:4)
  3 hungry ghosts
  36 deep elf magi
  6 fire bats
  A spriggan (D:7)
  5 vampires
  33 wraiths
  3 alligator skeletons
  2 spriggans (shapeshifter)
  3 black mamba zombies
  A human (D:13)
  12 neqoxecs
  32 removed MONS_DEEP_ELF_FIGHTERs
  10 golden eyes
  2 golden eyes (shapeshifter)
  13 fire elementals
  A tyrant leech zombie (Crypt:1)
  Grum (D:11)
  9 hippogriffs
  13 chaos spawn
  A removed MONS_HILL_GIANT skeleton (Crypt:2)
  A yaktaur simulacrum (Vaults:3)
  26 vampire mosquitoes
  2 acid dragons (Vaults:2)
  3 spatial vortices
  A wolf (shapeshifter) (Vaults:5)
  2 tengu zombies (Hell)
  4 merfolk zombies
  A hydra simulacrum (Hell)
  9 wargs
  5 spiny frog zombies
  2 swamp worms (Lair:3)
  3 wolves (D:11)
  55 large abominations
  74 nagas
  87 hell hounds
  18 water moccasins
  5 sky beasts
  2 swamp drakes (shapeshifter)
  7 ice beasts
  64 orc warriors
  6 porcupines
  A sky beast (shapeshifter) (D:14)
  10 necrophages
  5 human skeletons
  10 human zombies
  An ice dragon simulacrum (Abyss:3)
  8 spiders (Elf:1)
  A spiny frog skeleton (Hell)
  4 black bears
  A removed MONS_WASP (shapeshifter) (Vaults:3)
  3 swamp dragon zombies
  5 snapping turtle zombies
  A black bear (shapeshifter) (Depths:4)
  3 manticore zombies
  A boggart (Orc:4)
  An alligator simulacrum (Hell)
  2 removed MONS_WASPs
  A slave (D:8)
  A torpor snail zombie (Depths:2)
  87 ogres
  5 eyes of draining
  3 removed
  MONS_BORING_BEETLEs (Lair:8)
  2 phantoms
  A swamp dragon skeleton (Geh:1)
  31 centaurs
  A rime drake skeleton (Crypt:2)
  17 crocodiles
  2 draconian zombies
  17 bullfrogs
  A removed MONS_BRAIN_WORM (shapeshifter) (Orc:4)
  A dryad zombie (Crypt:1)
  5 removed MONS_BRAIN_WORMs
  A wyvern zombie (D:14)
  A yaktaur zombie (D:15)
  3 big kobolds
  An earth elemental (Abyss:2)
  A yaktaur skeleton (Depths:2)
  2 spider zombies (Elf:1)
  48 small abominations
  A polar bear zombie (Crypt:1)
  28 killer bees
  2 wyvern skeletons
  2 elf zombies
  56 wights
  A raiju zombie (Crypt:1)
  A queen bee zombie (Crypt:1)
  4 electric eels
  An elf skeleton (Depths:2)
  2 scorpions
  2 bullfrog zombies
  24 crimson imps
  7 hounds
  8 quasits
  18 jellies
  2 centaur skeletons
  41 orc priests
  Crazy Yiuf (D:4)
  43 orc wizards
  43 iron imps
  2 bullfrog skeletons
  3 hell rats (Elf:3)
  Natasha (twice) (D:4)
  8 iguanas
  9 worker ants
  3 killer bee zombies
  34 removed
  MONS_SHEEPs Ijyb (D:2)
  Jessica (D:11)
  An ogre skeleton (Dis:4)
  An ogre zombie (Dis:7)
  A naga skeleton (Geh:1)
  20 mummies
  3 hound zombies (D:9)
  Terence (D:2)
  3 hound skeletons
  11 gnolls
  27 adders
  5 shadow imps
  10 white imps
  2 removed MONS_GIANT_MITEs
  31 river rats
  4 worms
  14 ufetubi
  2 adder zombies
  5 adder skeletons
  A removed MONS_SHEEP zombie (Crypt:1)
  3 leopard geckos
  294 orcs
  20 bats
  3 giant cockroaches
  A hobgoblin (shapeshifter) (Orc:3)
  24 hobgoblins
  10 jackals
  25 kobolds
  13 quokkas
  3 ball pythons
  5 frilled lizards
  30 goblins
  A jackal skeleton (Crypt:2)
  A kobold skeleton (Crypt:3)
  2 kobold zombies
  A leopard gecko zombie (D:5)
  2 lurking horrors (Abyss:4)
  An orc skeleton (Crypt:3)
  9 orc zombies (Orc:4)
  2 quokka skeletons (D:4)
  27 rats
  6 ballistomycetes
  4 briar patches (Depths:3)
  3 crawling corpses (Elf:3)
  An eldritch tentacle segment (Depths:5)
  5 plants
  19 starspawn tentacles
  4 tentacles
4517 creatures vanquished.

Vanquished Creatures (collateral kills)
  Roxanne (Shoals:4)
  A nagaraja (Snake:5)
  A very ugly thing (Abyss:4)
  A stone giant (Depths:3)
  An ettin (Depths:3)
  A deep elf high priest (Elf:3)
  2 merfolk impalers (Shoals:5)
  2 naga warriors (Snake:3)
  An anaconda (Snake:3)
  A centaur warrior (D:15)
  4 thrashing horrors (Abyss:4)
  A naga sharpshooter (Snake:5)
  Urug (D:10)
  An ogre mage (Vaults:2)
  An iron troll (Depths:1)
  A skeletal warrior (D:15)
  A sea snake (Snake:5)
  A flayed ghost (D:15)
  A harpy (Shoals:1)
  A shadow demon (Depths:2)
  Pikel (D:8)
  A removed MONS_HILL_GIANT (Depths:1)
  A removed MONS_GRIFFON (Shoals:1)
  A fire giant zombie (Dis:1)
  A cyclops (Shoals:1)
  2 fauns (Shoals:1)
  A worldbinder (Abyss:4)
  3 merfolk sirens (Shoals:1)
  A vault sentinel (Vaults:2)
  An ancient zyme (Abyss:4)
  A freezing wraith (Abyss:4)
  A red devil (Geh:1)
  A merfolk (Shoals:1)
  2 fire elementals (Shoals:5)
  A death drake skeleton (Crypt:1)
  The ghost of Pikaro the Firebug, an average DrFE (D:4)
  A slime creature (Depths:1)
  A snapping turtle (Shoals:5)
  A two-headed ogre (Vaults:2)
  A blink frog (Lair:1)
  A raiju (Abyss:4)
  An ettin zombie (D:15)
  A chaos spawn (Abyss:4)
  An ice dragon skeleton (D:15)
  4 starcursed masses (Abyss:4)
  A removed MONS_DEEP_ELF_FIGHTER (Elf:2)
  3 yaks (Lair:5)
  A deep elf mage (Depths:1)
  A hippogriff (D:13)
  8 nagas (Snake:5)
  2 large abominations (Abyss:4)
  A warg (Orc:3)
  3 hell hounds (D:15)
  3 orc warriors
  A slave (D:8)
  An ogre (D:13)
  2 killer bees
  A wight (Geh:1)
  An iron imp (Dis:1)
  An orc wizard (Orc:3)
  3 removed MONS_SHEEPs
  An adder (D:6)
  A shadow imp (Depths:2)
  6 ufetubi
  5 orcs
  A frilled lizard (D:3)
  A lurking horror (Abyss:4)
  A tentacle (Shoals:5)
106 creatures vanquished.

Vanquished Creatures (others)
  A deep elf blademaster (Elf:3)
  A quicksilver dragon (Abyss:4)
  5 eldritch tentacles
  A stone giant (Depths:2)
  An ironheart preserver (Vaults:1)
  4 rakshasas
  A deep elf demonologist (Elf:3)
  A mummy priest (Tomb:1)
  A minotaur (Depths:2)
  A satyr (Depths:3)
  A thrashing horror (Abyss:4)
  A hell hog (Geh:1)
  5 dancing weapons
  3 yaktaurs
  A sun demon (Geh:7)
  A shadow wraith (Vaults:2)
  A removed MONS_DEEP_ELF_CONJURER (Elf:3)
  A phantasmal warrior (Abyss:4)
  A shadow dragon skeleton (Geh:7)
  A guardian serpent (shapeshifter) (Depths:2)
  A starcursed mass (Abyss:1)
  3 drowned souls (Shoals:4)
  A vault sentinel (Vaults:4)
  A tormentor (Dis:2)
  A komodo dragon (D:15)
  2 removed MONS_BLUE_DEVILs
  A hellwing (Depths:5)
  A troll (D:14)
  5 fire elementals
  An ettin skeleton (Geh:7)
  A shadow (Snake:2)
  A removed MONS_CHIMERA (Snake:5)
  2 yaks (Lair:4)
  A deep elf mage (Vaults:4)
  A human simulacrum (Vaults:2)
  A spriggan simulacrum (Depths:2)
  A chaos spawn (Shoals:5)
  A vampire mosquito (D:14)
  A removed MONS_DEEP_ELF_FIGHTER (Vaults:5)
  3 small abominations
  An ogre (Vaults:4)
  13 lost souls
  A wight (Dis:5)
  13 crimson imps
  4 orc wizards
  9 quasits
  10 iron imps
  A worker ant (Vaults:2)
  A naga skeleton (Dis:4)
  14 shadow imps
  3 removed
  MONS_GIANT_MITEs (Abyss:3)
  7 white imps
  18 ufetubi
  3 orcs
  3 ballistomycete spores
  A jackal zombie (D:4)
  6 lurking horrors
  A rat (D:8)
  8 butterflies
  A crawling corpse (Elf:3)
  412 eldritch tentacle segments
  2 fungi (Lair:8)
  2 plants (Depths:3)
  33 starspawn tentacles
  584 starspawn tentacle segments
  15 tentacles
  554 tentacle segments
1783 creatures vanquished.

Grand Total: 6406 creatures vanquished

Notes
Turn   | Place    | Note
-------+----------+-------------------------------------------
     0 | D:1      | Qrupt, the Human Chaos Knight, began the quest for the Orb.
     0 | D:1      | Reached XP level 1. HP: 18/18 MP: 1/1
    22 | D:1      | XOM: potion effect (berserk rage)
   149 | D:1      | Reached XP level 2. HP: 24/24 MP: 2/2
   257 | D:1      | XOM: harmless Tloc miscast
   264 | D:1      | Gained mutation: You are partially covered in yellow scales. (AC +2) [potion of mutation]
   264 | D:1      | Gained mutation: You possess an exceptional clarity of mind. [potion of mutation]
   264 | D:1      | Gained mutation: Your spells are a little easier to cast, but a little less powerful. [potion of mutation]
   268 | D:1      | Reached XP level 3. HP: 29/29 MP: 3/3
   526 | D:2      | Found an opulent altar of Gozag.
   527 | D:2      | XOM: harmless Summ miscast
   536 | D:2      | Reached XP level 4. HP: 32/35 MP: 4/4
   645 | D:2      | Reached skill level 5 in Maces & Flails
   654 | D:2      | Reached XP level 5. HP: 33/41 MP: 5/5
   685 | D:2      | XOM: 4-stop teleportation journey
   790 | D:2      | Noticed Terence
   800 | D:2      | Killed Terence
   992 | D:2      | Noticed Ijyb
  1005 | D:2      | Killed Ijyb
  1040 | D:3      | XOM: 1-stop teleportation journey
  1135 | D:3      | Reached XP level 6. HP: 47/47 MP: 6/6
  1148 | D:3      | XOM: confuse monster(s)
  1202 | D:3      | XOM: noise
  1420 | D:3      | XOM: scenery: create altars
  1458 | D:3      | You fall through a shaft!
  1479 | D:4      | XOM: divination: detect items
  1485 | D:4      | Found a glowing silver altar of Zin.
  1573 | D:4      | Found Yhaun's Serpentskin Sales.
  1661 | D:4      | Noticed Crazy Yiuf
  1669 | D:4      | Killed Crazy Yiuf
  1725 | D:4      | Gained mutation: You are agile. (Dex +2) [potion of mutation]
  1725 | D:4      | Gained mutation: You have a beak for a mouth. [potion of mutation]
  1725 | D:4      | Gained mutation: Your flesh is cold resistant. (rC+) [potion of mutation]
  2060 | D:4      | Noticed Natasha
  2065 | D:4      | Killed Natasha
  2065 | D:4      | Reached XP level 7. HP: 52/52 MP: 7/7
  2281 | D:4      | Noticed Pikaro's ghost (average DrFE)
  2281 | D:4      | XOM: confuse monster(s)
  2328 | D:4      | Killed Pikaro's ghost
  2329 | D:4      | HP: 1/52 [something (2)]
  2474 | D:4      | XOM: scenery: 1 doors close
  2591 | D:4      | Noticed Natasha
  2592 | D:4      | Killed Natasha
  2795 | D:3      | XOM: medium Fire miscast
  2857 | D:4      | XOM: colour smoke trail
  2868 | D:5      | Entered Level 5 of the Dungeon
  3168 | D:5      | XOM: 6-stop teleportation journey
  3176 | D:5      | Found a staircase to the Ecumenical Temple.
  3207 | D:5      | Reached XP level 8. HP: 46/58 MP: 8/8
  3338 | D:5      | Found a bloodstained altar of Trog.
  3340 | D:5      | Found a stormy altar of Qazlal.
  3344 | D:5      | Found a sparkling altar of Nemelex Xobeh.
  3430 | D:5      | Found a shattered altar of Ashenzari.
  3434 | D:5      | Found an iron altar of Okawaru.
  3725 | D:6      | XOM: stealth player
  3896 | D:6      | Noticed Grinder
  3926 | D:6      | Killed Grinder
  3926 | D:6      | Reached skill level 10 in Maces & Flails
  4041 | D:6      | Gained mutation: Armour fits poorly on your strangely shaped body. [potion of mutation]
  4041 | D:6      | Lost mutation: You are agile. (Dex +2) [potion of mutation]
  4041 | D:6      | Gained mutation: You have a pair of small horns on your head. [potion of mutation]
  4099 | D:6      | Reached XP level 9. HP: 51/63 MP: 9/9
  4148 | D:6      | Noticed Restia's ghost (average DsMo)
  4157 | D:6      | Killed Restia's ghost
  4185 | D:6      | XOM: summons 9 friendly demons
  4226 | D:6      | XOM: confuse monster(s)
  4338 | D:6      | XOM: colour smoke trail
  4365 | D:6      | Got an opalescent robe
  4378 | D:6      | Identified the +1 robe "Kecsav" {rF++ Stlth-} (You found it on level 6 of the Dungeon)
  4508 | D:6      | Reached skill level 5 in Dodging
  4777 | D:7      | Found a white marble altar of Elyvilon.
  4777 | D:7      | Found a shadowy altar of Dithmenos.
  4777 | D:7      | Found a radiant altar of Vehumet.
  4832 | D:7      | XOM: cast spell 'Statue Form'
  5124 | D:7      | Found a sparkling altar of Nemelex Xobeh.
  5342 | D:7      | XOM: divination: detect creatures
  5637 | D:8      | XOM: give mutation
  5637 | D:8      | Gained mutation: Your muscles are strong. (Str +2) [Xom's grace]
  5638 | D:8      | Lost mutation: Armour fits poorly on your strangely shaped body. [potion of cure mutation]
  5638 | D:8      | Lost mutation: You possess an exceptional clarity of mind. [potion of cure mutation]
  5638 | D:8      | Lost mutation: Your muscles are strong. (Str +2) [potion of cure mutation]
  5638 | D:8      | Lost mutation: Your spells are a little easier to cast, but a little less powerful. [potion of cure mutation]
  5724 | D:8      | XOM: vitrification
  5971 | D:8      | Reached skill level 5 in Armour
  5972 | D:8      | Reached XP level 10. HP: 47/70 MP: 10/10
  6109 | D:8      | XOM: scenery: create altars
  6221 | D:8      | XOM: 3-stop teleportation journey
  6311 | D:8      | Got a clouded marble ring
  6313 | D:8      | Identified the ring of Moodiness {Fire MR+ Dex+3} (You took it off a kobold on level 8 of the Dungeon)
  6536 | D:8      | Noticed Pikel
  6555 | D:8      | XOM: confusion (+ monsters)
  6569 | D:8      | XOM: summons 2 hostile shadow creatures
  6571 | D:8      | Killed Pikel
  6631 | D:8      | Reached skill level 5 in Fighting
  6724 | D:8      | XOM: noise
  6845 | D:8      | XOM: stat loss: -1 Str (15/16)
  7231 | D:9      | XOM: blink monster(s)
  7262 | D:9      | XOM: summons 3 hostile demons
  7263 | D:9      | Noticed a smoke demon
  7263 | D:9      | Noticed a soul eater
  7323 | D:9      | XOM: blink monster(s)
  7394 | D:9      | Found a staircase to the Orcish Mines.
  7419 | D:9      | XOM: summons 1 hostile demon
  7534 | D:9      | Noticed Psyche
  7546 | D:9      | Killed Psyche
  7557 | D:9      | Found a glowing golden altar of the Shining One.
  7842 | Orc:1    | Entered Level 1 of the Orcish Mines
  7958 | Orc:1    | XOM: confuse monster(s)
  8017 | Orc:1    | Noticed Maurice
  8031 | Orc:1    | XOM: potion effect (berserk rage)
  8032 | Orc:1    | Reached XP level 11. HP: 84/84 MP: 14/17
  8039 | Orc:1    | Found Smaism's Book Boutique.
  8041 | Orc:1    | Killed Maurice
  8191 | Orc:2    | Reached skill level 5 in Evocations
  8210 | Orc:2    | XOM: fog
  8436 | Orc:2    | Noticed an orc sorcerer
  8439 | Orc:2    | XOM: destruction
  8442 | Orc:2    | Killed an orc sorcerer
  8442 | Orc:2    | XOM: enchant monster (good)
  8503 | Orc:2    | XOM: give mutations
  8503 | Orc:2    | Gained mutation: You evolve. [Xom's grace]
  8503 | Orc:2    | Gained mutation: You have large cloven feet. [Xom's grace]
  8651 | Orc:1    | XOM: fog
  8822 | Orc:3    | XOM: fog
  8826 | Orc:3    | XOM: cast spell 'Summon Butterflies'
  9084 | Orc:3    | XOM: polymorph orc -> bat
  9139 | Orc:3    | Noticed Fannar
  9157 | Orc:3    | Killed Fannar
  9210 | Orc:3    | Found a bloodstained altar of Trog.
  9371 | Orc:3    | Noticed an orc warlord
  9374 | Orc:3    | XOM: smoke on damage
  9414 | Orc:2    | XOM: vitrification
  9561 | Orc:2    | XOM: give mutations
  9561 | Orc:2    | Gained mutation: You passively map a small area around you. [Xom's grace]
  9561 | Orc:2    | Lost mutation: You evolve. [Xom's grace]
  9561 | Orc:2    | Gained mutation: You are somewhat resistant to further mutation. [Xom's grace]
  9561 | Orc:2    | Gained mutation: You are robust. (+10% HP) [Xom's grace]
  9561 | Orc:2    | Gained mutation: You have a pair of horns on your head. [Xom's grace]
  9586 | Orc:3    | XOM: destruction
  9588 | Orc:3    | Noticed Josephine
  9831 | Orc:2    | XOM: god gift: papyrus book {god gift}
  9847 | Orc:2    | XOM: god gift: 24 stones
  9916 | Orc:2    | XOM: harmless Fire miscast
  9962 | Orc:3    | XOM: chaos upgrade
  9963 | Orc:3    | Noticed Josephine
  9963 | Orc:3    | Josephine changed into Josephine the shock serpent
  9963 | Orc:3    | XOM: polymorph Josephine -> Josephine the shock serpent
  9972 | Orc:3    | Killed Josephine the shock serpent
 10070 | Orc:3    | XOM: god gift: 16 arrows of flame
 10186 | Orc:3    | Found a staircase to the Elven Halls.
 10220 | Orc:3    | XOM: harmless Conj miscast
 10372 | Orc:3    | XOM: summons 8 friendly demons
 10414 | Orc:3    | XOM: swap weapons
 10622 | D:10     | Entered Level 10 of the Dungeon
 10646 | D:10     | Noticed Urug
 10682 | D:9      | XOM: give mutations
 10682 | D:9      | Gained mutation: You have a pair of large horns on your head. [Xom's mischief]
 10682 | D:9      | Lost mutation: You have a pair of large horns on your head. [Xom's mischief]
 10682 | D:9      | Lost mutation: You passively map a small area around you. [Xom's mischief]
 10756 | D:9      | XOM: silly message
 10844 | D:10     | Killed Urug
 10844 | D:10     | Reached XP level 12. HP: 91/100 MP: 19/22
 11312 | D:10     | XOM: harmless Air miscast
 11497 | D:11     | Found a labyrinth entrance.
 11518 | Lab      | Entered a labyrinth
 11780 | Lab      | XOM: mild Summ miscast
 12366 | Lab      | XOM: harmless Summ miscast
 12423 | Lab      | XOM: silly message
 12747 | Lab      | Noticed a minotaur
 12755 | Lab      | Killed a minotaur
 12758 | Lab      | Got an ancient large shield
 12764 | Lab      | Identified the +5 large shield "Blajotats" {rElec} (You took it off a minotaur in a labyrinth)
 12769 | Lab      | Identified the Tome of Feathers
 12770 | Lab      | Got a pitted short sword
 12847 | D:11     | Reached skill level 1 in Shields
 12852 | D:11     | Found Wonuc's Food Shop.
 13013 | D:11     | XOM: potion effect (berserk rage)
 13089 | D:11     | XOM: severe Necr miscast
 13090 | D:11     | Noticed a reaper
 13096 | D:11     | Noticed Grum
 13371 | D:11     | Found a staircase to the Lair.
 13394 | Lair:1   | Entered Level 1 of the Lair of Beasts
 13436 | Lair:1   | XOM: noise
 13440 | Lair:1   | Reached skill level 5 in Shields
 13450 | Lair:1   | XOM: confusion
 13457 | Lair:1   | XOM: blink monster(s)
 13508 | Lair:1   | Noticed Harold
 13527 | Lair:1   | XOM: fog
 13533 | Lair:1   | Killed Harold
 13536 | Lair:1   | XOM: blink monster(s)
 13551 | Lair:1   | XOM: colour smoke trail
 13635 | Lair:1   | XOM: medium Ice miscast
 13669 | Lair:1   | XOM: summons friendly quasit
 13691 | Lair:1   | XOM: noise
 13724 | Lair:1   | Found a glowing golden altar of the Shining One.
 14091 | Lair:2   | XOM: harmless Tloc miscast
 14147 | Lair:2   | Reached XP level 13. HP: 105/105 MP: 23/23
 14174 | Lair:2   | Identified the +8 short sword of Skirmishing {elec, Noisy rPois MR+} (You found it in a labyrinth)
 14297 | Lair:2   | Identified a +1 rod of destruction (11/11) (You found it in a labyrinth)
 14486 | Lair:2   | XOM: noise
 14614 | Lair:3   | XOM: enchant monster (bad)
 14618 | Lair:3   | XOM: mild Divn miscast
 14626 | Lair:3   | Found a staircase to the Snake Pit.
 14831 | Lair:3   | XOM: cast spell 'Confusing Touch'
 14856 | Lair:3   | Found a staircase to the Swamp.
 15110 | Lair:3   | XOM: mild Air miscast
 15113 | Lair:3   | Reached skill level 10 in Shields
 15182 | Lair:3   | Found a staircase to the Shoals.
 15396 | Lair:3   | XOM: harmless Air miscast
 15433 | Lair:3   | XOM: enchant monster (bad)
 15434 | Lair:3   | XOM: blink monster(s)
 15443 | Lair:3   | XOM: confuse monster(s)
 15494 | Lair:3   | XOM: enchant monster (good)
 15515 | Lair:3   | XOM: divination: detect creatures
 15520 | Lair:3   | XOM: summons friendly shadow imp
 15521 | Lair:3   | XOM: cast spell 'Warp Weapon'
 15560 | Lair:3   | XOM: colour smoke trail
 15712 | Lair:3   | XOM: cast spell 'Dispersal'
 15852 | Lair:4   | XOM: cast spell 'Dispersal'
 15867 | Lair:4   | XOM: harmless Summ miscast
 15869 | Lair:4   | XOM: summons 4 friendly demons
 16117 | Lair:4   | XOM: cast spell 'Summon Butterflies'
 16122 | Lair:4   | XOM: enchant monster (good)
 16130 | Lair:4   | XOM: divine lightning (protected)
 16259 | Lair:4   | XOM: cast spell 'Statue Form'
 16421 | Lair:5   | XOM: polymorph yak -> hippogriff
 16429 | Lair:5   | XOM: enchant monster (good)
 16512 | Lair:5   | XOM: cast spell 'Summon Horrible Things'
 16718 | Lair:5   | Reached skill level 15 in Maces & Flails
 16909 | Lair:5   | XOM: mild Ice miscast
 17082 | Lair:6   | XOM: enchant monster (good)
 17132 | Lair:6   | Reached XP level 14. HP: 114/116 MP: 24/24
 17164 | Lair:6   | Identified the Disquisition on Arcane Weapons (You found it on level 6 of the Lair of Beasts)
 17190 | Lair:6   | Got an iridescent short sword
 17191 | Lair:6   | Identified the +7 short sword "Muoni" {freeze, Stlth+} (You found it on level 6 of the Lair of Beasts)
 17309 | Lair:6   | XOM: mild Erth miscast
 17310 | Lair:6   | Found a viscous altar of Jiyva.
 17310 | Lair:6   | Found a staircase to the Slime Pits.
 17699 | Lair:7   | XOM: cast spell 'Ice Form'
 17703 | Lair:7   | XOM: smoke on damage
 17711 | Lair:7   | XOM: enchant monster (good)
 17893 | Lair:7   | Got a heavily runed ring mail
 17905 | Lair:7   | Identified the +0 ring mail "Ymihi" {MR+ rCorr MP-9 Dex+3} (You found it on level 7 of the Lair of Beasts)
 17924 | Lair:7   | Noticed Nergalle
 17930 | Lair:7   | XOM: confuse monster(s)
 17971 | Lair:7   | Killed Nergalle
 18190 | Lair:8   | Entered Level 8 of the Lair of Beasts
 18214 | Lair:8   | XOM: divination: detect creatures
 18289 | Lair:8   | XOM: mild Chrm miscast
 18319 | Lair:8   | XOM: mild Summ miscast
 18352 | Lair:8   | XOM: harmless Summ miscast
 18359 | Lair:8   | XOM: cast spell 'Summon Hydra'
 18360 | Lair:8   | XOM: enchant monster (good)
 18361 | Lair:8   | XOM: 1-stop teleportation journey
 18380 | Lair:8   | XOM: confusion (+ monsters)
 18382 | Lair:8   | Reached skill level 10 in Fighting
 18386 | Lair:8   | XOM: fog
 18460 | Lair:8   | Found a shadowy altar of Dithmenos.
 18503 | Lair:8   | XOM: mild Ice miscast
 18550 | Lair:8   | XOM: potion effect (might)
 18556 | Lair:8   | XOM: potion effect (experience)
 18556 | Lair:8   | Reached skill level 10 in Armour
 18556 | Lair:8   | Reached XP level 15. HP: 126/126 MP: 16/25
 18563 | Lair:8   | XOM: potion effect (might)
 18572 | Lair:8   | XOM: harmless Pois miscast
 18646 | Lair:8   | XOM: confusion (+ monsters)
 18675 | Lair:8   | XOM: enchant monster (bad)
 18838 | Lair:8   | Noticed an azure jelly
 18838 | Lair:8   | a dire elephant changed into an azure jelly
 18838 | Lair:8   | XOM: polymorph dire elephant -> azure jelly
 18849 | Lair:8   | an azure jelly changed into a death yak
 18907 | Lair:8   | XOM: polymorph dire elephant -> stone giant
 18912 | Lair:8   | XOM: confuse monster(s)
 18946 | Lair:8   | Found a burning altar of Makhleb.
 18971 | Lair:8   | XOM: enchant monster (good)
 19106 | Lair:8   | Found a gateway to Hell.
 19299 | Lair:8   | XOM: divine lightning (protected)
 19301 | Lair:8   | XOM: enchant monster (good)
 19311 | Lair:8   | Reached skill level 10 in Dodging
 19342 | Lair:8   | XOM: vitrification
 19491 | Lair:4   | XOM: enchant monster (good)
 19684 | D:11     | Noticed Jessica
 19692 | D:11     | Found a deep blue altar of Sif Muna.
 19701 | D:11     | Killed Jessica
 19790 | D:11     | Found a gateway to a bazaar.
 19807 | Bazaar   | Entered a bazaar
 19807 | Bazaar   | Found Ojaw's Assorted Antiques.
 19807 | Bazaar   | Found Ecusal's Antique Armour Shoppe.
 19807 | Bazaar   | Found Jiusaf's Antique Weapon Emporium.
 19808 | Bazaar   | Found Hoemp's Armour Shoppe.
 19825 | Bazaar   | Bought a smoking whip for 232 gold pieces
 19828 | Bazaar   | Bought a runed demon whip for 465 gold pieces
 19843 | Bazaar   | Identified the +5 whip of Massacring {flame, +Inv rPois Str-4} (You bought it in a shop in a bazaar)
 19859 | D:11     | XOM: vitrification
 19887 | D:11     | Found Kaeserghuwi's Antique Armour Shop.
 19901 | D:11     | Killed Grum
 19911 | D:11     | Bought a scorched shield for 199 gold pieces
 19929 | D:11     | Identified the +3 shield "Qaim" {rPois} (You bought it in a shop on level 11 of the Dungeon)
 20160 | D:11     | Noticed Erica
 20165 | D:11     | XOM: confuse monster(s)
 20170 | D:11     | Killed Erica
 20349 | D:11     | XOM: scenery: 1 doors close
 20518 | Orc:3    | XOM: cast spell 'Confusing Touch'
 20523 | Orc:3    | XOM: summons friendly shadow imp
 20532 | Orc:3    | XOM: fog
 20536 | Orc:3    | Killed an orc warlord
 20621 | Orc:3    | XOM: vitrification
 20650 | Orc:3    | XOM: cast spell 'Spider Form'
 20709 | Orc:4    | Entered Level 4 of the Orcish Mines
 20710 | Orc:4    | XOM: god gift: box of beasts
 20723 | Orc:4    | Reached XP level 16. HP: 118/134 MP: 17/26
 20859 | Orc:4    | XOM: god gift: potion of curing
 20864 | Orc:4    | Found a roughly hewn altar of Beogh.
 20925 | Orc:4    | XOM: summons friendly quasit
 20929 | Orc:4    | XOM: polymorph orc warrior -> boggart
 21000 | Orc:4    | Found Kunex's Magic Scroll Emporium.
 21013 | Orc:4    | Bought a scroll of recharging for 133 gold pieces
 21023 | Orc:4    | Found Ghiugi's Armour Shoppe.
 21031 | Orc:4    | XOM: polymorph orc -> giant newt
 21298 | Orc:4    | XOM: polymorph ogre -> sky beast
 21329 | Orc:4    | XOM: god gift: 5 arrows of frost
 21450 | Orc:4    | XOM: summons 2 friendly demons
 21508 | Orc:4    | Noticed Saint Roka
 21525 | Orc:4    | XOM: harmless Erth miscast
 21527 | Orc:4    | XOM: polymorph orc sorcerer -> guardian serpent
 21563 | Orc:4    | XOM: divine lightning
 21566 | Orc:4    | Killed Saint Roka
 21592 | Orc:4    | XOM is BORED!
 21592 | Orc:4    | XOM: medium Erth miscast
 21716 | Orc:4    | Found a roughly hewn altar of Beogh.
 21924 | Orc:4    | Reached skill level 15 in Dodging
 21930 | Orc:4    | XOM: confuse monster(s)
 21933 | Orc:4    | XOM: divination: magic mapping
 21935 | Orc:4    | XOM: god gift: scroll of enchant weapon
 21984 | Orc:4    | Got a transparent spear
 21985 | Orc:4    | Identified the +9 spear of Qazlal's Castigation {pain, *Rage Str+5 Int+2} (You found it on level 4 of the Orcish Mines)
 22106 | Orc:4    | XOM: cast spell 'Ice Form'
 22271 | Orc:4    | XOM: confuse monster(s)
 22279 | Orc:4    | XOM: summons 2 friendly demons
 22285 | Orc:4    | XOM: confuse monster(s)
 22315 | Orc:4    | Found Dutiuw's Distillery.
 22315 | Orc:4    | XOM: silly message
 22378 | Orc:4    | Found Shriukime's Assorted Antiques.
 22420 | Orc:4    | XOM: potion effect (invisibility)
 22839 | Orc:4    | Bought a potion of heal wounds for 70 gold pieces
 22839 | Orc:4    | Bought a potion of heal wounds for 70 gold pieces
 22839 | Orc:4    | Bought a potion of heal wounds for 70 gold pieces
 22839 | Orc:4    | Bought a potion of curing for 42 gold pieces
 22839 | Orc:4    | Bought a potion of curing for 42 gold pieces
 22839 | Orc:4    | Bought a potion of curing for 42 gold pieces
 23005 | D:12     | XOM: enchant monster (good)
 23127 | D:12     | XOM: god gift: scale mail {god gift}
 23154 | D:12     | XOM: give mutations
 23154 | D:12     | Gained mutation: Your system is resistant to poisons. (rPois) [Xom's grace]
 23154 | D:12     | Gained mutation: You are agile. (Dex +2) [Xom's grace]
 23243 | D:12     | XOM: destruction
 23268 | D:12     | Found Wiceesh's Book Shoppe.
 23278 | D:12     | XOM: polymorph hill giant -> shock serpent
 23288 | D:12     | XOM is BORED!
 23288 | D:12     | XOM: torment (57/134 hp)
 23372 | D:12     | Got a transparent leather armour
 23374 | D:12     | Identified the +1 leather armour of Dyspraxia {rElec MR+ Str+2 Int-3} (You found it on level 12 of the Dungeon)
 23411 | D:12     | XOM: divination: detect creatures
 23440 | D:12     | XOM: give mutations
 23440 | D:12     | Gained mutation: You passively map a small area around you. [Xom's grace]
 23440 | D:12     | Gained mutation: You are very robust. (+20% HP) [Xom's grace]
 23764 | D:13     | XOM: 5-stop teleportation journey
 23776 | D:13     | Found Gicoalia's Food Shoppe.
 23866 | D:13     | Got a pair of dazzling boots
 23877 | D:13     | Identified the +2 pair of boots "Otiun" {rF- rN+ Str-3 SInv} (You found it on level 13 of the Dungeon)
 24020 | D:13     | XOM: vitrification
 24123 | D:13     | Found a gate to the Vaults.
 24187 | D:13     | XOM: mild Necr miscast
 24556 | D:14     | XOM: fog
 24566 | D:14     | XOM: cast spell 'Statue Form'
 24568 | D:14     | XOM: god gift: wand of cold {god gift}
 24986 | D:14     | XOM: 1-stop teleportation journey
 25128 | D:14     | Reached XP level 17. HP: 153/153 MP: 18/27
 25233 | D:14     | XOM: vitrification
 25373 | D:15     | Entered Level 15 of the Dungeon
 25400 | D:15     | XOM: potion effect (invisibility)
 25460 | D:15     | Found a staircase to the Depths.
 25522 | D:15     | Noticed Sonja
 25549 | D:15     | Killed Sonja
 25606 | D:15     | XOM: 1-stop teleportation journey
 25678 | D:15     | XOM: enchant monster (good)
 25747 | D:15     | XOM: divination: detect creatures
 25769 | D:15     | XOM: potion effect (magic)
 25789 | D:15     | XOM: polymorph troll -> raven
 25790 | D:15     | XOM: cast spell 'Excruciating Wounds'
 25859 | D:15     | Noticed Azrael
 25867 | D:15     | Killed Azrael
 26167 | Depths:1 | Entered Level 1 of the Depths
 26216 | Depths:1 | XOM: potion effect (brilliance)
 26232 | Depths:1 | XOM: 1-stop teleportation journey
 26282 | Depths:1 | Found Ypradiag's General Store.
 26412 | Depths:1 | XOM: summons 8 friendly demons
 26491 | Depths:1 | XOM: polymorph fire dragon -> anaconda
 26540 | Depths:1 | Found a one-way gate to the infinite horrors of the Abyss.
 26558 | Depths:1 | XOM: destruction
 26569 | Depths:1 | XOM: god gift: 19 steel sling bullets
 26573 | Depths:1 | XOM: god gift: 6 meat rations
 26575 | Depths:1 | XOM: summons 9 friendly demons
 26909 | Depths:1 | XOM: enchant monster (good)
 26979 | Depths:1 | Found a snail-covered altar of Cheibriados.
 27024 | Depths:1 | XOM: polymorph deep troll shaman -> hill giant
 27026 | Depths:1 | XOM: swap monsters
 27099 | Depths:1 | XOM: colour smoke trail
 27120 | Depths:2 | Reached skill level 15 in Shields
 27159 | Depths:2 | XOM: cast spell 'Discord'
 27286 | Depths:2 | XOM: summons friendly iron imp
 27290 | Depths:2 | Noticed a lich
 27309 | Depths:2 | XOM: confuse monster(s)
 27450 | Depths:2 | XOM: colour smoke trail
 27535 | Depths:2 | XOM: chaos upgrade
 27610 | Depths:2 | XOM: mild Divn miscast
 27614 | Depths:2 | XOM: summons friendly ufetubus
 27649 | Depths:2 | XOM: 2-stop teleportation journey
 27655 | Depths:2 | XOM: potion effect (invisibility)
 27659 | Depths:2 | XOM: cast spell 'Ice Form'
 27673 | Depths:2 | XOM: summons friendly crimson imp
 27806 | Depths:2 | XOM: harmless Divn miscast
 27832 | Depths:2 | XOM: blink monster(s)
 27849 | Depths:2 | Reached XP level 18. HP: 53/160 MP: 19/28
 28027 | Depths:2 | XOM: mild Necr miscast
 28169 | Depths:2 | XOM: 1-stop teleportation journey
 28377 | Depths:2 | XOM: mild Air miscast
 28451 | Depths:2 | Got a coiled glass ring
 28455 | Depths:2 | Identified the ring "Xouny" {Wiz Int+4} (You found it on level 2 of the Depths)
 28544 | Depths:2 | XOM: medium Fire miscast
 28589 | Depths:2 | XOM: harmless Necr miscast
 28629 | Depths:2 | XOM: summons 1 hostile demon
 28751 | Depths:2 | Found Blucih's Distillery.
 28764 | Depths:2 | Bought a potion of beneficial mutation for 735 gold pieces
 28784 | Depths:2 | XOM: mild Erth miscast
 28988 | Depths:2 | XOM: harmless Tloc miscast
 29054 | D:15     | XOM: give mutations
 29054 | D:15     | Lost mutation: Your flesh is cold resistant. (rC+) [Xom's mischief]
 29054 | D:15     | Gained mutation: You are covered in fur. (AC +1) [Xom's mischief]
 29067 | D:15     | XOM: medium Ice miscast
 29311 | Snake:1  | Entered Level 1 of the Snake Pit
 29340 | Snake:1  | XOM: confuse monster(s)
 29499 | Snake:1  | XOM: noise
 29506 | Snake:1  | XOM: divination: detect items
 29545 | Snake:1  | XOM: 2-stop teleportation journey
 29622 | Snake:1  | XOM: divination: magic mapping
 29634 | Snake:1  | XOM: enchant monster (bad)
 29701 | Snake:1  | XOM: mild Air miscast
 29915 | Snake:1  | XOM: summons 4 hostile demons
 30213 | Snake:2  | XOM: enchant monster (bad)
 30243 | Snake:2  | XOM: harmless Necr miscast
 30287 | Snake:2  | XOM: mild Trmt miscast
 30333 | Snake:2  | XOM: silly message
 30342 | Snake:2  | Noticed Nessos
 30352 | Snake:2  | XOM: swap weapons
 30362 | Snake:2  | XOM: summons friendly crimson imp
 30364 | Snake:2  | XOM: medium Necr miscast
 30367 | Snake:2  | XOM: mild Trmt miscast
 30393 | Snake:2  | XOM: silly message
 30426 | Snake:2  | Killed Nessos
 30485 | Snake:2  | XOM: colour smoke trail
 30507 | Snake:3  | XOM: enchant monster (good)
 30524 | Snake:3  | XOM: 2-stop teleportation journey
 30538 | Snake:3  | XOM: confusion (+ monsters)
 30542 | Snake:3  | XOM: swap monsters
 30548 | Snake:3  | XOM: 8-stop teleportation journey
 30562 | Snake:3  | XOM: noise
 30563 | Snake:3  | XOM: harmless Fire miscast
 30580 | Snake:3  | XOM: chaos upgrade
 30846 | Snake:3  | XOM: noise
 30932 | Snake:3  | XOM: swap weapons
 31150 | Snake:3  | XOM: confusion
 31203 | Snake:3  | XOM: divination: detect creatures
 31216 | Snake:3  | XOM: potion effect (invisibility)
 31555 | Snake:4  | XOM: silly message
 31696 | Snake:4  | XOM: potion effect (invisibility)
 31778 | Snake:4  | Found Moaz Mnu's Armour Shoppe.
 31859 | Snake:4  | XOM: silly message
 31902 | Snake:4  | XOM: silly message
 32045 | Snake:4  | Reached XP level 19. HP: 111/171 MP: 19/28
 32057 | Snake:4  | XOM: potion effect (agility)
 32314 | Snake:4  | XOM: divination: detect creatures
 32356 | Snake:4  | XOM: smoke on damage
 32413 | Snake:5  | Entered Level 5 of the Snake Pit
 32413 | Snake:5  | XOM: potion effect (heal wounds)
 32437 | Snake:5  | XOM: potion effect (invisibility)
 32551 | Snake:5  | XOM: silly message
 32560 | Snake:5  | XOM: potion effect (might)
 32569 | Snake:5  | XOM: potion effect (heal wounds)
 32571 | Snake:5  | XOM: potion effect (curing)
 32652 | Snake:5  | Got a tiger eye-encrusted plate armour
 32664 | Snake:5  | Identified the +3 plate armour "Sikauw" {rPois Str+6} (You found it on level 5 of the Snake Pit)
 32722 | Snake:5  | XOM: harmless Erth miscast
 32736 | Snake:5  | XOM: divination: magic mapping
 32787 | Snake:5  | XOM: confuse monster(s)
 32803 | Snake:5  | XOM: confuse monster(s)
 32962 | Snake:5  | XOM: potion effect (agility)
 32963 | Snake:5  | XOM: cast spell 'Cause Fear'
 32971 | Snake:5  | XOM: confuse monster(s)
 32972 | Snake:5  | XOM: confuse monster(s)
 33094 | Snake:5  | XOM: potion effect (brilliance)
 33102 | Snake:5  | XOM: cast spell 'Stoneskin'
 33108 | Snake:5  | XOM: medium Summ miscast
 33109 | Snake:5  | XOM: potion effect (might)
 33113 | Snake:5  | XOM: confusion (+ monsters)
 33115 | Snake:5  | XOM: divination: detect items
 33119 | Snake:5  | XOM: blink monster(s)
 33197 | Snake:5  | XOM: summons 7 friendly demons
 33198 | Snake:5  | XOM: blink monster(s)
 33258 | Snake:5  | XOM: harmless Chrm miscast
 33501 | Snake:5  | XOM: harmless Ice miscast
 33502 | Snake:5  | XOM: potion effect (might)
 33653 | Snake:5  | XOM: harmless Necr miscast
 33681 | Snake:5  | XOM: potion effect (agility)
 33892 | Snake:5  | XOM: harmless Divn miscast
 33893 | Snake:5  | XOM: potion effect (berserk rage)
 33951 | Snake:5  | Got a serpentine rune of Zot
 33991 | Snake:5  | XOM: summons 12 friendly demons
 33993 | Snake:5  | XOM: snakes to sticks
 34061 | Snake:5  | XOM: destruction
 34490 | Shoals:1 | Entered Level 1 of the Shoals
 34491 | Shoals:1 | XOM: confuse monster(s)
 34493 | Shoals:1 | XOM: cast spell 'Summon Hydra'
 34540 | Shoals:1 | XOM: summons friendly red devil
 34595 | Shoals:1 | XOM: 1-stop teleportation journey
 34608 | Shoals:1 | XOM: confuse monster(s)
 34646 | Shoals:1 | Reached XP level 20. HP: 183/183 MP: 30/30
 34701 | Shoals:1 | XOM: give mutation
 34701 | Shoals:1 | Gained mutation: Your mind is acute. (Int +2) [Xom's grace]
 34966 | Shoals:1 | XOM: vitrification
 34969 | Shoals:1 | XOM: give mutations
 34969 | Shoals:1 | Gained mutation: You have hoof-like feet. [Xom's grace]
 34969 | Shoals:1 | Gained mutation: Your spells are a little harder to cast, but a little more powerful. [Xom's grace]
 35394 | Shoals:1 | XOM: mild Fire miscast
 35430 | Shoals:2 | XOM: silly message
 35667 | Shoals:2 | Reached skill level 10 in Evocations
 35684 | Shoals:2 | XOM: noise
 35687 | Shoals:2 | XOM: enchant monster (bad)
 35839 | Shoals:2 | XOM: mild Hex miscast
 35942 | Shoals:2 | XOM: mild Hex miscast
 35969 | Shoals:2 | XOM: colour smoke trail
 36092 | Shoals:3 | Noticed Frances
 36102 | Shoals:3 | Killed Frances
 36262 | Shoals:3 | XOM: divination: detect creatures
 36303 | Shoals:3 | XOM: enchant monster (good)
 36311 | Shoals:3 | XOM: divination: detect items
 36490 | Shoals:3 | Noticed Polyphemus
 36490 | Shoals:3 | XOM: summons 3 friendly demons
 36492 | Shoals:3 | XOM: confuse monster(s)
 36499 | Shoals:3 | XOM: potion effect (invisibility)
 36505 | Shoals:3 | XOM: god gift: 45 gold pieces
 36527 | Shoals:3 | XOM: 5-stop teleportation journey
 36752 | Shoals:4 | XOM: confuse monster(s)
 36754 | Shoals:4 | XOM: noise
 36819 | Shoals:4 | Noticed Roxanne
 36828 | Shoals:4 | XOM: potion effect (curing)
 36837 | Shoals:4 | XOM: summons 6 friendly demons
 36853 | Shoals:4 | Killed Roxanne
 36885 | Shoals:4 | XOM: potion effect (invisibility)
 36931 | Shoals:4 | XOM: cast spell 'Stoneskin'
 37063 | Shoals:4 | XOM: cast spell 'Ring of Flames'
 37076 | Shoals:4 | XOM: cast spell 'Excruciating Wounds'
 37085 | Shoals:4 | XOM: divination: detect items
 37322 | Shoals:5 | Entered Level 5 of the Shoals
 37469 | Shoals:5 | XOM: mild Trmt miscast
 37471 | Shoals:5 | XOM: cast spell 'Discord'
 37484 | Shoals:5 | Got a barnacled rune of Zot
 37545 | Shoals:5 | XOM: colour smoke trail
 37600 | Shoals:5 | XOM: medium Trmt miscast
 37691 | Shoals:5 | XOM: swap monsters
 37842 | Shoals:5 | Noticed Ilsuiw
 37849 | Shoals:5 | Reached XP level 21. HP: 185/190 MP: 33/35
 37911 | Shoals:5 | XOM: 2-stop teleportation journey
 37921 | Shoals:5 | XOM: give mutation
 37921 | Shoals:5 | Lost mutation: Your mind is acute. (Int +2) [Xom's mischief]
 38087 | Shoals:5 | XOM: summons 3 hostile shadow creatures
 38262 | Shoals:5 | XOM: summons 2 friendly demons
 38281 | Shoals:5 | XOM: swap monsters
 38309 | Shoals:5 | XOM: destruction
 38316 | Shoals:5 | Killed Ilsuiw
 38490 | Shoals:2 | XOM: medium Ice miscast
 38558 | Shoals:1 | XOM: stat loss: -1 Int (12/13)
 38821 | Vaults:1 | Entered Level 1 of the Vaults
 38882 | Vaults:1 | XOM: divination: magic mapping
 39046 | Vaults:1 | XOM: destruction
 39067 | Vaults:1 | XOM: cast spell 'Chain of Chaos'
 39116 | Vaults:1 | XOM: fake destruction
 39141 | Vaults:1 | XOM: give mutation
 39141 | Vaults:1 | Gained mutation: Your flesh is cold resistant. (rC+) [Xom's grace]
 39158 | Vaults:1 | XOM: enchant monster (good)
 39192 | Vaults:1 | XOM: summons friendly crimson imp
 39221 | Vaults:1 | XOM: summons friendly quasit
 39284 | Vaults:1 | XOM: divination: detect items
 39473 | Vaults:1 | XOM: give mutations
 39473 | Vaults:1 | Gained mutation: You can breathe flames. [Xom's grace]
 39473 | Vaults:1 | Gained mutation: You are partially covered in molten scales. (AC +2) [Xom's grace]
 39473 | Vaults:1 | Gained mutation: Your flesh is very cold resistant. (rC++) [Xom's grace]
 39473 | Vaults:1 | Gained mutation: You can breathe fire. [Xom's grace]
 39551 | Vaults:1 | XOM: god gift: 9 poisoned arrows
 39836 | Vaults:1 | XOM: harmless Ice miscast
 39861 | Vaults:1 | XOM: potion effect (might)
 40112 | Vaults:1 | Got a twisted great sword
 40113 | Vaults:1 | Identified the +8 great sword of Suatiliq {venom, Str+3 Dex+2} (You found it on level 1 of the Vaults)
 40260 | Vaults:2 | XOM: swap weapons
 40266 | Vaults:2 | Cast into the Abyss (a deep elf demonologist)
 40362 | Abyss:1  | XOM: enchant monster (bad)
 40413 | Abyss:1  | XOM: confusion (+ monsters)
 40467 | Abyss:1  | XOM: cast spell 'Chain of Chaos'
 40495 | Abyss:1  | XOM: medium Necr miscast
 40633 | Abyss:1  | XOM: mild Conj miscast
 40700 | Abyss:1  | XOM: summons 2 hostile shadow creatures
 40745 | Abyss:1  | XOM: mild Erth miscast
 40746 | Abyss:1  | XOM: enchant monster (good)
 40748 | Abyss:1  | XOM: give mutation
 40748 | Abyss:1  | Gained mutation: You possess an exceptional clarity of mind. [Xom's grace]
 40752 | Abyss:1  | XOM: polymorph efreet -> hell hound
 40783 | Abyss:1  | XOM: cast spell 'Ice Form'
 41105 | Abyss:1  | XOM: harmless Conj miscast
 41109 | Abyss:1  | XOM: destruction
 41110 | Abyss:1  | XOM: potion effect (agility)
 41152 | Abyss:1  | XOM: confuse monster(s)
 41167 | Abyss:1  | XOM: divination: detect items
 41186 | Abyss:1  | XOM: fog
 41203 | Abyss:1  | Found a corrupted altar of Lugonu.
 41254 | Abyss:1  | Reached XP level 22. HP: 39/199 MP: 35/35
 41364 | Abyss:1  | XOM: cast spell 'Dispersal'
 41388 | Abyss:1  | Found a corrupted altar of Lugonu.
 41686 | Abyss:1  | XOM: divination: detect items
 41749 | Vaults:2 | Escaped the Abyss
 41756 | Vaults:2 | XOM: summons friendly iron imp
 41785 | Vaults:2 | XOM: vitrification
 42096 | Vaults:2 | XOM: harmless Pois miscast
 42108 | Vaults:2 | Found Biwumaedaan's Jewellery Boutique.
 42250 | Vaults:2 | XOM: swap weapons
 42251 | Vaults:2 | XOM: enchant monster (good)
 42267 | Vaults:2 | XOM: confuse monster(s)
 42275 | Vaults:2 | Found Craras' Antique Armour Shop.
 42301 | Vaults:2 | XOM: destruction
 42307 | Vaults:2 | XOM: potion effect (curing)
 42652 | Vaults:2 | XOM: summons 11 friendly demons
 42686 | Vaults:2 | XOM: enchant monster (good)
 42699 | Vaults:2 | XOM: blink monster(s)
 42799 | Vaults:2 | XOM: enchant monster (good)
 42830 | Vaults:2 | XOM: harmless Hex miscast
 42883 | Vaults:2 | XOM: cast spell 'Confusing Touch'
 42892 | Vaults:2 | XOM: destruction
 42893 | Vaults:2 | XOM: summons friendly ufetubus
 42908 | Vaults:2 | XOM: cast spell 'Summon Swarm'
 43053 | Vaults:2 | XOM: 3-stop teleportation journey
 43099 | Vaults:2 | XOM: enchant monster (good)
 43127 | Vaults:2 | XOM: summons friendly crimson imp
 43210 | Vaults:2 | XOM: swap monsters
 43225 | Vaults:2 | XOM: divine lightning (protected)
 43253 | Vaults:2 | Found a staircase to the Crypt.
 43275 | Vaults:2 | XOM: confuse monster(s)
 43304 | Vaults:2 | Found Qocziqudd's Magic Scroll Boutique.
 43326 | Vaults:2 | XOM: confuse monster(s)
 43341 | Vaults:2 | XOM: chaos upgrade
 43372 | Vaults:2 | XOM: 1-stop teleportation journey
 43441 | Vaults:2 | XOM: swap weapons
 43442 | Vaults:2 | XOM: summons friendly ufetubus
 43688 | Vaults:2 | Bought a dazzling ring mail for 333 gold pieces
 43698 | Vaults:2 | Identified the cursed +1 ring mail of Grace {rF- MR+ Str+3} (You bought it in a shop on level 2 of the Vaults)
 43698 | Vaults:2 | Bought a translucent ring mail for 333 gold pieces
 43714 | Vaults:2 | Identified the +1 ring mail of Amnuehicuq {rF+ MR+ Str+2 Dex+3} (You bought it in a shop on level 2 of the Vaults)
 43744 | Vaults:2 | Found Mnarphaopp's Assorted Antiques.
 43824 | Vaults:2 | XOM: harmless Air miscast
 43992 | Vaults:3 | XOM: harmless Air miscast
 44018 | Vaults:3 | Found a magical portal.
 44032 | WizLab   | Entered Doroklohe's Tomb
 44054 | WizLab   | XOM: mild Pois miscast
 44137 | WizLab   | XOM: give mutation
 44137 | WizLab   | Gained mutation: You can translocate small distances at will. [Xom's grace]
 44190 | WizLab   | XOM: potion effect (brilliance)
 44283 | WizLab   | XOM: potion effect (invisibility)
 44284 | WizLab   | XOM: cast spell 'Metabolic Englaciation'
 44296 | WizLab   | XOM: enchant monster (bad)
 44368 | WizLab   | Identified a scroll of acquirement
 44405 | WizLab   | XOM: enchant monster (bad)
 44548 | WizLab   | Reached XP level 23. HP: 142/206 MP: 36/36
 44643 | Vaults:3 | XOM: enchant monster (bad)
 44658 | Vaults:3 | XOM: confuse monster(s)
 44666 | Vaults:3 | XOM: swap weapons
 44805 | Vaults:3 | XOM: silly message
 44939 | Vaults:3 | XOM: enchant monster (bad)
 45004 | Vaults:3 | XOM: enchant monster (bad)
 45009 | Vaults:3 | XOM: noise
 45020 | Vaults:3 | XOM: mild Pois miscast
 45045 | Vaults:3 | XOM: chaos cloud
 45054 | Vaults:3 | Paralysed by you for 3 turns
 45221 | Vaults:3 | XOM: enchant monster (bad)
 45222 | Vaults:3 | XOM: fake destruction
 45240 | Vaults:3 | XOM: polymorph fire dragon -> alligator
 45311 | Vaults:3 | XOM: chaos cloud
 45313 | Vaults:3 | Paralysed by you for 7 turns
 45562 | Vaults:3 | XOM: give mutations
 45562 | Vaults:3 | Lost mutation: You are partially covered in yellow scales. (AC +2) [Xom's mischief]
 45562 | Vaults:3 | Lost mutation: You are somewhat resistant to further mutation. [Xom's mischief]
 45619 | Vaults:3 | XOM: fog
 45730 | Vaults:4 | XOM: cast spell 'Ring of Flames'
 45731 | Vaults:4 | XOM: noise
 45763 | Vaults:4 | XOM: silly message
 45916 | Vaults:4 | Reached skill level 15 in Fighting
 45922 | Vaults:4 | XOM: harmless Tloc miscast
 46006 | Vaults:4 | XOM: divination: detect items
 46023 | Vaults:4 | XOM: divination: detect creatures
 46293 | Vaults:4 | XOM: enchant monster (good)
 46294 | Vaults:4 | XOM: harmless Conj miscast
 46324 | Vaults:4 | XOM: harmless Erth miscast
 46377 | Vaults:4 | XOM: blink monster(s)
 46378 | Vaults:4 | XOM: confuse monster(s)
 46396 | Vaults:4 | Reached XP level 24. HP: 218/230 MP: 36/36
 46460 | Vaults:4 | Found Elairui's Book Emporium.
 46471 | Vaults:4 | XOM: mild Trmt miscast
 46473 | Vaults:4 | XOM: god gift: 7 royal jellies
 46477 | Vaults:4 | XOM: potion effect (berserk rage)
 46523 | Vaults:4 | XOM: cast spell 'Spider Form'
 46546 | Vaults:4 | XOM: blink monster(s)
 46646 | Vaults:4 | XOM: medium Hex miscast
 46708 | Vaults:4 | Found a glowing golden altar of the Shining One.
 46865 | Vaults:4 | Upgraded the game from 0.17-a0-77-gee7a2f2 to 0.17-a0-81-g781747f
 47209 | Elf:1    | Entered Level 1 of the Elven Halls
 47375 | Elf:1    | Noticed Maud
 47386 | Elf:1    | Killed Maud
 47458 | Elf:1    | XOM: blink monster(s)
 47924 | Elf:2    | XOM: polymorph deep elf knight -> water nymph
 48048 | Elf:2    | Found a runed gate.
 48048 | Elf:2    | Found a runed gate.
 48048 | Elf:2    | Found a runed gate.
 48068 | Elf:2    | XOM: summons 10 friendly demons
 48072 | Elf:2    | XOM: summons friendly quasit
 48078 | Elf:2    | XOM: enchant monster (good)
 48087 | Elf:2    | XOM: cast spell 'Spider Form'
 48261 | Elf:2    | XOM: summons friendly ufetubus
 48284 | Elf:2    | Noticed Kirke
 48284 | Elf:2    | XOM: 3-stop teleportation journey
 48427 | Elf:2    | Killed Kirke
 48446 | Elf:2    | Noticed Wiglaf
 48466 | Elf:2    | Killed Wiglaf
 48547 | Elf:2    | XOM: swap monsters
 48560 | Elf:2    | XOM: god gift: 46 gold pieces
 48568 | Elf:2    | XOM: fog
 48581 | Elf:2    | XOM: stat loss: -1 Int (13/14)
 48726 | Elf:2    | XOM: god gift: papyrus book {god gift}
 48801 | Elf:1    | Found a glowing golden altar of the Shining One.
 48845 | Elf:3    | Entered Level 3 of the Elven Halls
 48948 | Elf:3    | XOM: vitrification
 49128 | Elf:3    | XOM: mild Air miscast
 49344 | Elf:3    | XOM: potion effect (agility)
 49375 | Elf:3    | XOM: confuse monster(s)
 49384 | Elf:3    | XOM: cast spell 'Metabolic Englaciation'
 49385 | Elf:3    | XOM: divine lightning (protected)
 49432 | Elf:3    | XOM: blink monster(s)
 49478 | Elf:3    | XOM: god gift: potion of flight
 49539 | Elf:3    | Reached XP level 25. HP: 150/249 MP: 37/37
 49613 | Elf:3    | XOM: swap monsters
 49716 | Elf:3    | Got an ichor-stained ring mail
 49716 | Elf:3    | XOM: silly message
 49721 | Elf:3    | Identified the +3 ring mail "Waroalua" {Contam Str+2 Stlth+} (You found it on level 3 of the Elven Halls)
 49801 | Elf:3    | Got an ancient jade ring
 49802 | Elf:3    | Identified the ring of Eddo {SustAb rN++ Str+3 Int-5 Dex+4} (You took it off a deep elf death mage on level 3 of the Elven Halls)
 50000 | D:11     | XOM: vitrification
 50482 | Depths:3 | Found a flickering gateway to a bazaar.
 50498 | Bazaar   | Entered a bazaar
 50503 | Bazaar   | Found Jeonae's Gadget Boutique.
 50509 | Bazaar   | Found Jeharr's Magic Scroll Emporium.
 50515 | Bazaar   | Found Thrahec's Jewellery Shop.
 50529 | Bazaar   | Found Wehiat's Gadget Emporium.
 50564 | Bazaar   | Bought a scroll of enchant weapon for 127 gold pieces
 50642 | Depths:3 | Paralysed by a wizard for 6 turns
 50722 | Depths:3 | Found a one-way gate leading to the halls of Pandemonium.
 50758 | Depths:3 | Found a gateway to a ziggurat.
 51100 | Depths:3 | XOM: harmless Erth miscast
 51161 | Depths:3 | Noticed the Enchantress
 51170 | Depths:3 | Killed the Enchantress
 51170 | Depths:3 | XOM: swap monsters
 51276 | Depths:3 | XOM: mild Air miscast
 51329 | Depths:3 | XOM: destruction
 51347 | Depths:3 | XOM: harmless Conj miscast
 51579 | Depths:4 | XOM: enchant monster (good)
 51588 | Depths:4 | XOM: 2-stop teleportation journey
 51841 | Depths:4 | XOM: noise
 52293 | Depths:4 | Got a polished scale mail
 52304 | Depths:4 | Identified the +1 scale mail of Charity {Contam Str+5} (You found it on level 4 of the Depths)
 52517 | Depths:4 | XOM: colour smoke trail
 52523 | Depths:5 | Entered Level 5 of the Depths
 52535 | Depths:5 | XOM: noise
 52546 | Depths:5 | XOM: noise
 52656 | Depths:5 | XOM: harmless Tloc miscast
 52708 | Depths:5 | XOM: mild Hex miscast
 52715 | Depths:5 | XOM: enchant monster (bad)
 52774 | Depths:5 | Noticed an ancient lich
 52775 | Depths:5 | Found a gateway to a ziggurat.
 52850 | Depths:5 | XOM: blink monster(s)
 52851 | Depths:5 | XOM: enchant monster (bad)
 52859 | Depths:5 | XOM: noise
 52863 | Depths:5 | XOM: polymorph tentacled monstrosity -> tentacled monstrosity
 52863 | Depths:5 | Paralysed by a great orb of eyes for 3 turns
 52867 | Depths:5 | XOM: destruction
 52876 | Depths:5 | XOM: mild Chrm miscast
 52885 | Depths:5 | XOM: fog
 53153 | Depths:5 | XOM: summons friendly hellwing
 53158 | Depths:5 | XOM: cast spell 'Dragon Form'
 53159 | Depths:5 | Killed an ancient lich
 53159 | Depths:5 | Reached XP level 26. HP: 268/268 MP: 38/38
 53644 | Crypt:1  | Entered Level 1 of the Crypt
 53722 | Crypt:1  | XOM: summons 6 friendly demons
 53777 | Crypt:1  | XOM: summons friendly crimson imp
 54484 | Crypt:2  | XOM: summons friendly shadow imp
 54679 | Crypt:2  | Gained mutation: You are mostly covered in molten scales. (AC +3) [potion of beneficial mutation]
 54835 | Crypt:2  | XOM: scenery: 1 doors open
 54852 | Crypt:2  | XOM: harmless Erth miscast
 54880 | Crypt:2  | XOM: enchant monster (bad)
 54890 | Crypt:2  | XOM: cast spell 'Blink'
 54914 | Crypt:2  | Gained mutation: You are completely covered in molten scales. (AC +4, rF+) [potion of beneficial mutation]
 55070 | Crypt:2  | XOM: cast spell 'Cause Fear'
 55098 | Crypt:2  | XOM: give mutations
 55098 | Crypt:2  | Gained mutation: You have hooves in place of feet. [Xom's grace]
 55098 | Crypt:2  | Gained mutation: You are resistant to hostile enchantments. (MR+) [Xom's grace]
 55098 | Crypt:2  | Gained mutation: Your spells are harder to cast, but more powerful. [Xom's grace]
 55098 | Crypt:2  | Gained mutation: You have a pair of large horns on your head. [Xom's grace]
 55157 | Crypt:2  | XOM: give mutations
 55157 | Crypt:2  | Gained mutation: You have sharp fingernails. [Xom's grace]
 55157 | Crypt:2  | Gained mutation: You passively map the area around you. [Xom's grace]
 55406 | Crypt:2  | XOM: cast spell 'Hydra Form'
 55440 | Crypt:3  | Entered Level 3 of the Crypt
 55495 | Crypt:3  | XOM: divination: detect creatures
 55568 | Crypt:3  | XOM: 7-stop teleportation journey
 55630 | Crypt:3  | Found a staircase to the Tomb.
 55630 | Crypt:3  | XOM: 8-stop teleportation journey
 55655 | Crypt:3  | XOM: summons friendly quasit
 55663 | Crypt:3  | XOM: 1-stop teleportation journey
 55717 | Crypt:3  | XOM: god gift: 4 tomahawks of returning
 55810 | Crypt:3  | XOM: god gift: 2 needles of sleeping
 56192 | Crypt:3  | Noticed an ancient lich
 56195 | Crypt:3  | XOM: cast spell 'Chain of Chaos'
 56202 | Crypt:3  | Noticed an ancient lich
 56295 | Crypt:3  | XOM: fog
 56321 | Crypt:3  | XOM: vitrification
 56388 | Crypt:3  | XOM: cast spell 'Ice Form'
 56745 | Crypt:3  | XOM: fog
 56847 | Crypt:3  | Killed an ancient lich
 56847 | Crypt:3  | Reached XP level 27. HP: 94/282 MP: 38/38
 57183 | Crypt:3  | Killed an ancient lich
 57187 | Crypt:3  | Noticed an ancient lich
 57189 | Crypt:3  | XOM: swap monsters
 57193 | Crypt:3  | Killed an ancient lich
 57309 | Crypt:3  | XOM: swap monsters
 57400 | Crypt:3  | Reached skill level 15 in Armour
 57553 | Vaults:5 | Entered Level 5 of the Vaults
 57556 | Vaults:5 | XOM: 3-stop teleportation journey
 57717 | Vaults:5 | XOM: swap monsters
 57733 | Vaults:5 | XOM: destruction
 57771 | Vaults:5 | Found Niosor's Jewellery Shoppe.
 57771 | Vaults:5 | XOM: 1-stop teleportation journey
 57785 | Vaults:5 | XOM: 1-stop teleportation journey
 57794 | Vaults:5 | XOM: noise
 57819 | Vaults:5 | XOM: 1-stop teleportation journey
 57848 | Vaults:5 | XOM: noise
 57901 | Vaults:5 | XOM: blink monster(s)
 57913 | Vaults:5 | Got a silver rune of Zot
 57930 | Vaults:5 | XOM: enchant monster (bad)
 57931 | Vaults:5 | XOM: stat loss: -1 Int (9/9)
 57969 | Vaults:5 | XOM: enchant monster (good)
 57989 | Vaults:5 | XOM: god gift: knobbly runed staff {god gift}
 57994 | Vaults:5 | XOM: noise
 58014 | Vaults:5 | XOM: cast spell 'Stoneskin'
 58103 | Vaults:5 | XOM: mild Ice miscast
 58108 | Vaults:5 | XOM: colour smoke trail
 58234 | Vaults:5 | Noticed an ancient lich
 58268 | Vaults:5 | Killed an ancient lich
 58445 | Vaults:5 | Got a scorched jade ring
 58447 | Vaults:5 | Identified the ring of Reac {+Inv rC+ MR++ MP+9} (You took it off a vault guard on level 5 of the Vaults)
 58472 | Vaults:5 | XOM: noise
 58475 | Vaults:5 | Noticed an ancient lich
 58492 | Vaults:5 | Killed an ancient lich
 58610 | Vaults:5 | XOM: summons friendly crimson imp
 58672 | Vaults:5 | XOM: noise
 58934 | Vaults:5 | XOM: divination: detect creatures
 59276 | D:12     | XOM: harmless Conj miscast
 59340 | Lair:2   | XOM is BORED!
 59340 | Lair:2   | XOM: mild Ice miscast
 59435 | Lair:4   | XOM: harmless Tloc miscast
 59466 | Lair:6   | XOM: scenery: 1 doors close
 59479 | Slime:1  | Entered Level 1 of the Pits of Slime
 59490 | Slime:1  | XOM: noise
 59496 | Slime:1  | XOM: give mutation
 59496 | Slime:1  | Gained mutation: Your muscles are strong. (Str +2) [Xom's grace]
 59902 | Slime:2  | XOM: god gift: hardcover book {god gift}
 59967 | Slime:3  | XOM: 3-stop teleportation journey
 60110 | Slime:3  | Lost mutation: You are agile. (Dex +2) [a shining eye]
 60113 | Slime:3  | Gained mutation: You are dopey. (Int -2) [a shining eye]
 60210 | Slime:4  | XOM: polymorph shining eye -> manticore
 60224 | Slime:4  | XOM: divination: magic mapping
 60245 | Slime:3  | Gained mutation: You occasionally shout uncontrollably at your foes. [a shining eye]
 60283 | Slime:4  | Lost mutation: Your muscles are strong. (Str +2) [a shining eye]
 60437 | Slime:6  | Entered Level 6 of the Pits of Slime
 60583 | Slime:6  | XOM: polymorph acid blob -> iron dragon
 60614 | Slime:6  | XOM: 4-stop teleportation journey
 60618 | Slime:6  | XOM: summons friendly iron imp
 60741 | Slime:6  | XOM: cast spell 'Discord'
 60795 | Slime:6  | Found a viscous altar of Jiyva.
 60795 | Slime:6  | Noticed the royal jelly
 60828 | Slime:6  | XOM: noise
 60834 | Slime:6  | Killed the royal jelly
 60881 | Slime:6  | Got a slimy rune of Zot
 60883 | Slime:6  | Got a twitching steel amulet
 60886 | Slime:6  | Identified the amulet of Grissacs {Spirit MR+ Int+3} (You found it on level 6 of the Pits of Slime)
 60904 | Slime:6  | Got a clouded lead ring
 60906 | Slime:6  | Identified the ring of the Madman {+cTele +Inv Slay+3 Stlth-} (You found it on level 6 of the Pits of Slime)
 61034 | Slime:6  | XOM: colour smoke trail
 61648 | Crypt:3  | XOM: noise
 61695 | Tomb:1   | XOM: stealth player
 61695 | Tomb:1   | Entered Level 1 of the Tomb of the Ancients
 61896 | Tomb:1   | Noticed a greater mummy
 61898 | Tomb:1   | XOM: summons 15 friendly demons
 61908 | Tomb:1   | Killed a greater mummy
 62240 | Tomb:1   | XOM: 1-stop teleportation journey
 62241 | Tomb:1   | Noticed a greater mummy
 62241 | Tomb:1   | Noticed a greater mummy
 62243 | Tomb:1   | XOM: mild Pois miscast
 62434 | Tomb:1   | XOM: silly message
 62475 | Tomb:1   | XOM: divination: detect creatures
 62598 | Tomb:1   | Noticed a greater mummy
 62603 | Tomb:1   | Killed a greater mummy
 62723 | Tomb:1   | Noticed a greater mummy
 62734 | Tomb:1   | XOM: torment (112/280 hp)
 62780 | Tomb:1   | XOM: give mutations
 62780 | Tomb:1   | Gained mutation: Your spells are much harder to cast, but much more powerful. [Xom's grace]
 62780 | Tomb:1   | Gained mutation: You evolve. [Xom's grace]
 62798 | Crypt:3  | Upgraded the game from 0.17-a0-81-g781747f to 0.17-a0-82-g3e33fa6
 63019 | Vaults:2 | XOM: god gift: metal-bound book {god gift}
 63320 | Hell     | Entered the Vestibule of Hell
 63320 | Hell     | Noticed Geryon
 63320 | Hell     | XOM: divination: detect creatures
 63485 | Depths:1 | XOM: god gift: 44 gold pieces
 63535 | Depths:1 | Lost mutation: You possess an exceptional clarity of mind. [evolution]
 63670 | Hell     | XOM: cast spell 'Spider Form'
 63717 | Hell     | XOM: potion effect (agility)
 63719 | Hell     | XOM: divination: magic mapping
 63737 | Hell     | XOM: confuse monster(s)
 63758 | Hell     | Killed Geryon
 63792 | Hell     | XOM: polymorph hell knight -> shock serpent
 63815 | Hell     | XOM: confuse monster(s)
 63819 | Hell     | XOM: enchant monster (good)
 64051 | Hell     | Found a gateway to the ashen valley of Gehenna.
 64136 | Hell     | XOM: enchant monster (good)
 64146 | Hell     | Found a gateway to the decaying netherworld of Tartarus.
 64249 | Hell     | Found a gateway to the freezing wastes of Cocytus.
 64250 | Hell     | XOM: harmless Air miscast
 64291 | Hell     | XOM: colour smoke trail
 64319 | Hell     | XOM: harmless Erth miscast
 64347 | Hell     | Found a gateway to the Iron City of Dis.
 64495 | Depths:1 | XOM: harmless Chrm miscast
 64523 | Depths:1 | Voluntarily entered the Abyss.
 64561 | Abyss:1  | Found a stormy altar of Qazlal.
 64681 | Abyss:1  | Found a stormy altar of Qazlal.
 64734 | Abyss:1  | XOM: draining
 64828 | Abyss:2  | Found a corrupted altar of Lugonu.
 64862 | Abyss:2  | Found a corrupted altar of Lugonu.
 64886 | Abyss:2  | Found a corrupted altar of Lugonu.
 64914 | Abyss:2  | Reached skill level 1 in Spellcasting
 65210 | Abyss:2  | XOM: mild Necr miscast
 65277 | Abyss:2  | Reached skill level 5 in Spellcasting
 65294 | Abyss:2  | XOM: confuse monster(s)
 65298 | Abyss:2  | XOM: summons friendly shadow imp
 65301 | Abyss:2  | XOM: divination: magic mapping
 65301 | Abyss:2  | Paralysed by accursed screaming for 1 turns
 65543 | Abyss:2  | XOM: silly message
 65824 | Abyss:2  | XOM: fog
 65840 | Abyss:2  | XOM: give mutations
 65840 | Abyss:2  | Gained mutation: You can spit poison. [Xom's grace]
 65840 | Abyss:2  | Gained mutation: Your muscles are strong. (Str +2) [Xom's grace]
 65840 | Abyss:2  | Gained mutation: You can exhale a cloud of poison. [Xom's grace]
 65840 | Abyss:2  | Gained mutation: Your flesh is almost immune to the effects of cold. (rC+++) [Xom's grace]
 65852 | Abyss:2  | XOM: vitrification
 65975 | Abyss:2  | XOM: summons 9 friendly demons
 66066 | Abyss:2  | Paralysed by you for 4 turns
 66168 | Abyss:3  | XOM: noise
 66259 | Abyss:3  | XOM: confuse monster(s)
 66290 | Abyss:3  | XOM: enchant monster (good)
 66364 | Abyss:3  | XOM: enchant monster (good)
 66450 | Abyss:3  | XOM: harmless Necr miscast
 66678 | Abyss:3  | XOM: confusion
 66679 | Abyss:3  | XOM: harmless Necr miscast
 66788 | Abyss:4  | XOM: mild Trmt miscast
 66822 | Abyss:4  | Reached skill level 10 in Spellcasting
 66831 | Abyss:4  | Got an abyssal rune of Zot
 66841 | Abyss:4  | XOM: confuse monster(s)
 66842 | Abyss:4  | XOM: harmless Ice miscast
 66918 | Abyss:4  | XOM: scenery: create altars
 67110 | Abyss:4  | XOM: harmless Ice miscast
 67187 | Abyss:4  | XOM: noise
 67352 | Abyss:4  | Paralysed by accursed screaming for 1 turns
 67357 | Abyss:4  | XOM: confusion
 67381 | Abyss:4  | XOM: enchant monster (bad)
 67383 | Abyss:4  | XOM: summons 2 friendly demons
 67392 | Abyss:4  | XOM: blink monster(s)
 67431 | Abyss:4  | XOM: cast spell 'Summon Dragon'
 67587 | Abyss:4  | XOM: mild Chrm miscast
 67669 | Abyss:4  | XOM: silly message
 67726 | Abyss:4  | XOM: divination: detect creatures
 67908 | Abyss:4  | XOM: mild Divn miscast
 68057 | Abyss:4  | XOM: blink monster(s)
 68063 | Abyss:4  | XOM: divination: detect creatures
 68073 | Abyss:4  | XOM: summons friendly quasit
 68078 | Abyss:4  | Paralysed by accursed screaming for 2 turns
 68150 | Abyss:4  | XOM: destruction
 68191 | Abyss:4  | XOM: cast spell 'Ring of Flames'
 68196 | Abyss:4  | XOM: summons 2 friendly demons
 68199 | Abyss:4  | XOM: summons friendly iron imp
 68301 | Depths:1 | Escaped the Abyss
 68535 | Depths:1 | XOM: harmless Necr miscast
 68544 | Depths:1 | XOM: enchant monster (bad)
 68640 | Depths:3 | XOM: mild Chrm miscast
 68641 | Depths:3 | Upgraded the game from 0.17-a0-82-g3e33fa6 to 0.17-a0-83-g894156c
 68771 | Dis:1    | Entered Level 1 of the Iron City of Dis
 69032 | Dis:1    | XOM: harmless Necr miscast
 69132 | Dis:1    | XOM: god gift: 7 gold pieces
 69731 | Dis:1    | XOM: scenery: 1 doors close
 69839 | Dis:2    | XOM: fog
 69853 | Dis:2    | XOM: enchant monster (good)
 70085 | Dis:2    | XOM: 5-stop teleportation journey
 70149 | Dis:2    | XOM: medium Trmt miscast
 70156 | Dis:2    | XOM: stat loss: -1 Int (7/7)
 70258 | Dis:2    | XOM: give mutations
 70258 | Dis:2    | Lost mutation: You have hooves in place of feet. [Xom's mischief]
 70258 | Dis:2    | Lost mutation: You occasionally shout uncontrollably at your foes. [Xom's mischief]
 70530 | Dis:2    | XOM: harmless Summ miscast
 70551 | Dis:2    | XOM: enchant monster (good)
 70554 | Dis:2    | XOM: potion effect (might)
 70598 | Dis:2    | XOM: butterfly on damage
 71190 | Dis:3    | Lost mutation: You are dopey. (Int -2) [evolution]
 71306 | Dis:3    | XOM: enchant monster (good)
 71364 | Dis:3    | XOM: give mutations
 71364 | Dis:3    | Gained mutation: You can breathe blasts of fire. [Xom's grace]
 71364 | Dis:3    | Gained mutation: You are extremely robust. (+30% HP) [Xom's grace]
 71483 | Dis:3    | XOM: confusion
 71485 | Dis:3    | XOM: noise
 71486 | Dis:3    | XOM: swap weapons
 71797 | Dis:4    | XOM: cast spell 'Metabolic Englaciation'
 71836 | Dis:4    | XOM: butterfly on damage
 71948 | Dis:4    | XOM: smoke on damage
 72152 | Dis:4    | XOM: medium Trmt miscast
 72162 | Dis:4    | Gained mutation: Your body sometimes deteriorates upon taking damage. [mutagenic glow]
 72303 | Dis:4    | XOM: harmless Tloc miscast
 72321 | Dis:4    | XOM: medium Air miscast
 72539 | Dis:6    | Found a huge runed gate.
 72539 | Dis:6    | Found a huge runed gate.
 72539 | Dis:6    | Found a huge runed gate.
 72539 | Dis:6    | Found a huge runed gate.
 72539 | Dis:6    | Found a huge runed gate.
 72540 | Dis:6    | Found a huge runed gate.
 72540 | Dis:6    | Found a huge runed gate.
 72584 | Dis:6    | XOM: mild Erth miscast
 72637 | Dis:6    | Reached skill level 27 in Fighting
 72639 | Dis:6    | XOM: medium Necr miscast
 72891 | Dis:6    | XOM: confusion
 72943 | Dis:6    | XOM: chaos cloud
 73301 | Dis:6    | XOM: divination: detect creatures
 73337 | Dis:7    | Entered Level 7 of the Iron City of Dis
 73482 | Dis:7    | XOM: cast spell 'Dispersal'
 73552 | Dis:7    | XOM: harmless Summ miscast
 73564 | Dis:7    | XOM: cast spell 'Blink'
 73566 | Dis:7    | XOM: noise
 73580 | Dis:7    | XOM: harmless Trmt miscast
 73601 | Dis:7    | XOM: enchant monster (good)
 73602 | Dis:7    | XOM: summons friendly crimson imp
 73693 | Dis:7    | XOM: swap monsters
 73739 | Dis:7    | XOM: harmless Trmt miscast
 74022 | Dis:7    | XOM: give mutations
 74022 | Dis:7    | Lost mutation: You have a pair of large horns on your head. [Xom's mischief]
 74022 | Dis:7    | Lost mutation: You are extremely robust. (+30% HP) [Xom's mischief]
 74022 | Dis:7    | Lost mutation: You are very robust. (+20% HP) [Xom's mischief]
 74047 | Dis:7    | XOM: 1-stop teleportation journey
 74110 | Dis:7    | XOM: harmless Pois miscast
 74191 | Dis:7    | XOM: mild Summ miscast
 74196 | Dis:7    | XOM: cast spell 'Blink'
 74480 | Dis:7    | Got a distressingly furry scale mail
 74723 | Dis:7    | Identified the +2 scale mail of the Lute {+Inv rPois rN+ Str-5} (You took it off an iron imp on level 7 of the Iron City of Dis)
 75027 | Dis:7    | Identified a +9 rod of the swarm (14/14) (You found it on level 7 of the Iron City of Dis)
 75055 | Dis:7    | Got a slimy demon whip
 75056 | Dis:7    | Identified the +11 demon whip "Killer Bee's Bane" {flame, rF- MR++ Dex+5} (You found it on level 7 of the Iron City of Dis)
 75176 | Dis:7    | XOM: harmless Chrm miscast
 75177 | Dis:7    | XOM: potion effect (berserk rage)
 75184 | Dis:7    | XOM: potion effect (haste)
 75210 | Dis:7    | XOM: harmless Air miscast
 75378 | Dis:7    | XOM: scenery: create altars
 75435 | Dis:7    | Gained mutation: You are clumsy. (Dex -2) [mutagenic glow]
 75715 | Dis:7    | XOM: cast spell 'Discord'
 75828 | Dis:7    | Lost mutation: Your spells are much harder to cast, but much more powerful. [mutagenic glow]
 75984 | Dis:7    | Noticed Dispater
 75994 | Dis:7    | XOM: summons friendly quasit
 75997 | Dis:7    | XOM: enchant monster (bad)
 76033 | Dis:7    | Killed Dispater
 76120 | Dis:7    | XOM: fog
 76120 | Dis:7    | XOM: smoke on damage
 76151 | Hell     | XOM: give mutation
 76151 | Hell     | Lost mutation: Your flesh is almost immune to the effects of cold. (rC+++) [Xom's mischief]
 76152 | Hell     | Upgraded the game from 0.17-a0-83-g894156c to 0.20-a0-809-gaf7f668
 76200 | Hell     | Upgraded the game from 0.20-a0-809-gaf7f668 to 0.22-a0-273-g3d7ae589ec
 76658 | Dis:4    | XOM: cast spell 'Summon Mana Viper'
 76757 | Dis:5    | XOM: enchant monster (good)
 76954 | Dis:7    | XOM: god gift: potion of haste
 76992 | Dis:7    | XOM: 1-stop teleportation journey
 77148 | Dis:7    | Got an iron rune of Zot
 77150 | Dis:7    | Got a flickering silver amulet
 77151 | Dis:7    | Identified the amulet of the Scarab {Acrobat rF+++ rC+ Str-2 Int-3} (You found it on level 7 of the Iron City of Dis)
 77180 | Dis:7    | XOM: harmless Summ miscast
 77283 | Dis:7    | XOM: scenery: 1 doors close
 77368 | Geh:1    | Entered Level 1 of Gehenna
 77596 | Geh:1    | XOM: scenery: create altars
 77613 | Geh:1    | XOM: 1-stop teleportation journey
 77660 | Geh:1    | XOM: noise
 77689 | Geh:1    | XOM: summons 4 hostile shadow creatures
 77701 | Geh:1    | XOM: enchant monster (good)
 78150 | Geh:1    | XOM: 2-stop teleportation journey
 78455 | Geh:1    | XOM: mild Chrm miscast
 78516 | Geh:1    | XOM: harmless Necr miscast
 78537 | Geh:1    | XOM: mild Tloc miscast
 78655 | Geh:1    | XOM: summons 2 hostile shadow creatures
 78728 | Geh:1    | XOM: medium Fire miscast
 78822 | Geh:1    | XOM: harmless Hex miscast
 79065 | Geh:1    | XOM: mild Necr miscast
 79336 | Geh:1    | XOM: scenery: 1 doors open
 79540 | Geh:2    | Reached skill level 27 in Maces & Flails
 79561 | Geh:2    | XOM: blink monster(s)
 79667 | Geh:3    | XOM: blink monster(s)
 79679 | Geh:3    | XOM: silly message
 79713 | Geh:4    | XOM: potion effect (curing)
 79782 | Geh:4    | XOM: chaos upgrade
 79806 | Geh:5    | XOM: god gift: 17 stones
 79819 | Geh:5    | XOM: polymorph reaper -> green death
 79824 | Geh:5    | XOM: divination: detect items
 79830 | Geh:5    | XOM: cast spell 'Olgreb's Toxic Radiance'
 79854 | Geh:5    | XOM: cast spell 'Disjunction'
 80036 | Geh:5    | XOM: destruction
 80054 | Geh:5    | XOM: harmless Erth miscast
 80324 | Geh:7    | XOM: stealth player
 80324 | Geh:7    | Entered Level 7 of Gehenna
 80332 | Geh:7    | XOM: cast spell 'Summon Butterflies'
 80339 | Geh:7    | XOM: harmless Fire miscast
 80343 | Geh:7    | XOM: potion effect (might)
 80616 | Geh:7    | XOM: harmless Tloc miscast
 80621 | Geh:7    | XOM: silly message
 80760 | Geh:7    | XOM: mild Conj miscast
 80770 | Geh:7    | XOM: harmless Hex miscast
 80781 | Geh:7    | XOM: potion effect (invisibility)
 80794 | Geh:7    | Got an encrusted chain mail
 80813 | Geh:7    | XOM: god gift: 22 gold pieces
 81167 | Geh:7    | XOM: scenery: 1 doors close
 81237 | Geh:7    | XOM: fog
 81566 | Geh:7    | XOM: harmless Tmut miscast
 81624 | Geh:7    | Identified the cursed +0 chain mail of Atheism {*Contam *Slow rN+++ Dex+7} (You found it on level 7 of Gehenna)
 81663 | Geh:7    | Noticed Execuda's ghost (legendary GrFi)
 81981 | Geh:7    | XOM: potion effect (curing)
 82148 | Geh:7    | XOM: summons 1 hostile demon
 82162 | Geh:7    | XOM: swap monsters
 82500 | Geh:7    | XOM: draining
 82638 | Geh:7    | XOM: polymorph Brimstone Fiend -> Hell Sentinel
 82644 | Geh:7    | Noticed Asmodeus
 82647 | Geh:7    | XOM: 1-stop teleportation journey
 82717 | Geh:7    | XOM: 1-stop teleportation journey
 82789 | Geh:7    | Killed from afar by a Brimstone Fiend

Vault maps used:
D:1:      roderic_dead_forest
D:2:      nicolae_overflow_crystal_walls, uniq_terence, uniq_iyjb
D:4:      zin_academy, guppyfry_shop_venom, uniq_crazy_yiuf_cottage,
          uniq_natasha
D:5:      minitemple, minmay_temple_entry_junction2, first_bread
D:6:      uniq_grinder
D:7:      gammafunk_temple_overflow_forgotten, the_bakery,
          nemelex_diamond_rough_becter
D:8:      minmay_orc_keep, uniq_pikel
D:9:      nicolae_tso_swordbearing_angel, minmay_orc_entry_guard_dogs,
          uniq_psyche
D:10:     uniq_urug
D:11:     grunt_lair_entry_elf_guard_hut, lab_entry_generic, serial_shops,
          bzr_entry_water, shop, nicolae_shop_window_shopping, tgw_sif,
          uniq_grum, uniq_erica
D:12:     serial_shops, kennysheep_mini_moat
D:13:     grunt_vaults_entry_fortified, serial_shops, shop, nrook_loot_triangle,
          moated_statue
D:14:     serial_park_tiny_pond, lemuel_flame_loot_1
D:15:     gammafunk_depths_entry_grave, grunt_ministairs_8,
          minmay_misc_feat_tiny, uniq_sonja, uniq_azrael
Lair:1:   basic_altar, uniq_harold
Lair:3:   minmay_swamp_entry_worms, minmay_shoals_entry_hut,
          guppyfry_snake_entry_island, special_room
Lair:4:   st_stairs_9, infiniplex_staircase_pool
Lair:6:   dpeg_slime_entry_enclosed_altar
Lair:7:   gammafunk_lair_bear_cave, grunt_megastairs_3, uniq_nergalle
Lair:8:   evil_forest, lemuel_altar_in_water2
Shoals:3: uniq_polyphemus, uniq_frances
Shoals:4: nicolae_shoals_square_sea_wall, nicolae_shoals_stone_sculpture_thing,
          uniq_roxanne
Shoals:5: shoals_end_simple, shoals_ilsuiw_alternative
Snake:2:  uniq_nessos
Snake:4:  serial_shops, shop_fountains, special_room, st_stairs_12,
          hangedman_snake_corridor_split
Snake:5:  grunt_snake_rune_pools, grunt_ministairs_8, serial_bayou_lagoon_a
Slime:1:  cheibrodos_slime_lost_civilization_5
Slime:5:  cheibrodos_slime_lost_civilization_4
Orc:1:    serial_shops, shop, uniq_maurice
Orc:3:    basic_altar, nicolae_orc_pool_cavern, uniq_josephine, uniq_fannar
Orc:4:    pubby_orc_utopia
Elf:1:    lemuel_upstairs_altar, hangedman_elf_represent, spider_trap, uniq_maud
Elf:2:    statue_in_the_mist_lemuel, uniq_kirke, uniq_wiglaf
Elf:3:    minmay_elf_hall_dome, nicolae_elf_big_sculpture_2,
          basic_stair_grate_trap
Vaults:1: nicolae_vaults_little_squares_6, vaults_room_large_hall, v_misc_9,
          v_misc_27, grunt_vaults_twisty, vaults_room_door_hall,
          vaults_dpeg_encased_lava, v_misc_27, nicolae_vaults_asterisk,
          v_misc_33, ontoclasm_vaults_bender, nicolae_vaults_asterisk,
          nicolae_vaults_hallways_thing, v_misc_23
Vaults:2: hangedman_vaults_capsules, v_misc_19, v_misc_18, st_spiral_rooms,
          ontoclasm_vaults_pinch, ontoclasm_vaults_claustrophobia, v_misc_4,
          vaults_room_pools, hangedman_vaults_trim,
          minmay_crypt_entry_simple_plaza, nicolae_vaults_border_crossing,
          vaults_standard_mumra_lines, serial_shops, nicolae_shop_trees,
          nicolae_shop_trees, shop, shop
Vaults:3: vaults_mumra_hexcomb, nicolae_vaults_circle_grid_b,
          ontoclasm_vaults_ring_square, hangedman_vaults_maws,
          vaults_dpeg_hooks, st_lines, vaults_room_pool,
          dpeg_vaults_monster_box, mu_enter_wizlab_4
Vaults:4: vaults_standard_mumra_x, nicolae_vaults_murderbox,
          hangedman_vaults_stream, v_misc_12, vaults_room_semicircle,
          grunt_vaults_diagonal, nicolae_vaults_circle_grid_a, v_misc_15,
          hangedman_vaults_slice, v_misc_17, v_pattern_2, v_misc_24,
          v_alt_pattern_6, vaults_mumra_chevron, basic_altar, serial_shops,
          nicolae_shop_crystal
Crypt:1:  crypt_curse_skull_rare, grunt_ministairs_10, grunt_megastairs_2,
          grunt_crypt_arrival_webbed
Crypt:2:  crypt_curse_skull
Crypt:3:  quadcrypt_mu, uniq_jory
Depths:1: pf_hell_entry_tar_river, hex_tiny, abyss_entry, serial_shops,
          shop_fountains, cheibriados_altar_1, hangedman_decor_cross_pass,
          uniq_saint_roka
Depths:2: kennysheep_scales, grunt_decor_cap, grunt_hell_entry_demonic_statue,
          serial_shops, nicolae_shop_competitors_out_of_business, firewood_loft,
          minmay_staircase_windowed_small
Depths:3: grunt_forest_end_winery, enter_ziggurat_a, rand_demon_pan_entry_5,
          hangedman_geh_valley, serial_shops, freezing_bzr,
          infiniplex_staircase_zigzag_3
Depths:4: lemuel_ice_statue, rand_demon_pan_entry_1,
          hangedman_decor_peaks_small, hangedman_abyss_entry_splay, hell_entry,
          minmay_staircase_bubble
Depths:5: grunt_zot_entry_hairpin, enter_ziggurat_c, hell_entry,
          grunt_pan_entry_sceptre, abyss_entry,
          hangedman_abyss_or_decor_lesser_grid
Dis:2:    hangedman_dis_monolith, hangedman_player_shredder
Dis:4:    hangedman_iron_city_apartments
Dis:6:    door_vault
Dis:7:    iron_city_of_dis
Geh:1:    grunt_bruiser_brothers
Geh:3:    gehenna_fire_generator
Geh:7:    evilmike_geh
Abyss:2:  hangedman_abyss_or_decor_stagger, hangedman_abyss_sting
Abyss:3:  minivault_25_ag
Abyss:4:  evilmike_abyss_rune_tso_outpost
Lab:      labyrinth_spiral
Bazaar:   bazaar_general_marketplace, bazaar_kb_twisted_cavern
WizLab:   wizlab_doroklohe

Skill      XL: |  1  2  3  4  5  6  7  8  9 10 11 12 13 14 15 16 17 18 19 20 21 22 23 24 25 26 27 |
---------------+----------------------------------------------------------------------------------+-----
Maces & Flails | 4 5 6 7 8 10 12 13 15 19 21 27 | 27.0
Dodging        | 5 10 15 | 15.6
Armour         | 5 10 15 | 22.5
Fighting       | 5 10 15 22 24 27 | 27.0
Evocations     | 5 10 12 | 12.4
Shields        | 5 10 15 17 20 | 20.9
Spellcasting   | 10 | 14.7

Action                   |  1- 3 |  4- 6 |  7- 9 | 10-12 | 13-15 | 16-18 | 19-21 | 22-24 | 25-27 || total
-------------------------+-------+-------+-------+-------+-------+-------+-------+-------+-------++-------
Melee: Mace              |    61 |   161 |    72 |       |       |    54 |       |       |       ||   348
       Flail             |       |       |   152 |   571 |       |       |       |       |       ||   723
       Whip              |       |       |       |   331 |  1096 |   844 |   981 |   660 |       ||  3912
       Halberd           |       |       |       |     6 |       |       |       |       |       ||     6
       Unarmed           |       |       |       |       |    14 |    63 |    17 |    68 |    18 ||   180
       Demon whip        |       |       |       |       |       |  1286 |  1165 |   119 |     5 ||  2575
       Long sword        |       |       |       |       |       |    15 |       |       |       ||    15
       Rapier            |       |       |       |       |       |       |     2 |       |       ||     2
       Eveningstar       |       |       |       |       |       |       |       |   849 |  3966 ||  4815
       Morningstar       |       |       |       |       |       |       |       |    10 |       ||    10
       Spear             |       |       |       |       |       |       |       |     8 |       ||     8
       Demon whip        |       |       |       |       |       |       |       |       |  1296 ||  1296
       Kick              |       |       |       |       |       |       |       |       |   790 ||   790
       Peck              |       |       |       |       |       |       |       |       |   465 ||   465
       Headbutt          |       |       |       |       |       |       |       |       |   453 ||   453
       Trident           |       |       |       |       |       |       |       |       |     6 ||     6
Throw: Throwing net      |       |       |       |     1 |       |       |       |       |       ||     1
 Abil: Evoke Berserk Rag |       |       |     1 |       |       |       |       |       |       ||     1
       Evoke Flight      |       |       |       |       |       |       |    27 |       |     4 ||    31
Evoke: Club              |       |       |       |     2 |     6 |       |    12 |     6 |     5 ||    31
       Whip              |       |       |       |       |     6 |     2 |       |       |       ||     8
       Box of beasts     |       |       |       |       |       |       |     1 |       |       ||     1
       Lamp of fire      |       |       |       |       |       |       |     1 |     3 |     1 ||     5
       Removed stone of  |       |       |       |       |       |       |       |     1 |       ||     1
       Lightning rod     |       |       |       |       |       |       |       |     1 |     1 ||     2
       Hammer            |       |       |       |       |       |       |       |       |     3 ||     3
  Use: Potion            |     2 |     3 |     9 |     8 |     1 |    13 |     2 |     7 |    16 ||    61
       Scroll            |       |       |     5 |    11 |    18 |    11 |    13 |    14 |    29 ||   101
       Potion            |       |       |       |       |       |       |       |       |     6 ||     6
       Scroll            |       |       |       |       |       |       |       |       |     4 ||     4
 Stab: Petrified         |       |     2 |       |       |       |       |     1 |     1 |     2 ||     6
       Confused          |       |     1 |       |     2 |     7 |     6 |    18 |    12 |     3 ||    49
       Invisible         |       |     1 |       |       |       |    21 |    28 |       |     2 ||    52
       Distracted        |       |       |     1 |     1 |     1 |     2 |     5 |     1 |     6 ||    17
       Paralysed         |       |       |       |       |     2 |     2 |       |     1 |     1 ||     6
       Sleeping          |       |       |       |       |       |     7 |     2 |       |       ||     9
       Petrifying        |       |       |       |       |       |     1 |     1 |       |     2 ||     4
       Invisible         |       |       |       |       |       |       |       |       |     5 ||     5
       Distracted        |       |       |       |       |       |       |       |       |     3 ||     3
       Petrified         |       |       |       |       |       |       |       |       |     2 ||     2
  Eat: Chunk             |       |     5 |    11 |    15 |    19 |    15 |    16 |     8 |     5 ||    94
       Buggy fruit       |       |       |     1 |     2 |     2 |       |     5 |     2 |     6 ||    18
       Buggy fruit       |       |       |       |     1 |       |     2 |       |     4 |    24 ||    31
       Buggy ration      |       |       |       |     1 |       |       |       |       |       ||     1
       Ration            |       |       |       |     1 |     1 |     4 |     3 |     3 |    10 ||    22
       Buggy fruit       |       |       |       |       |       |     1 |       |     1 |     1 ||     3
       Buggy jelly       |       |       |       |       |       |       |       |     3 |       ||     3
       Ration            |       |       |       |       |       |       |       |       |     7 ||     7
Armor: Plate armour      |       |       |       |       |       |       |       |       |   167 ||   167
Dodge: Dodged            |       |       |       |       |       |       |       |       |   319 ||   319
Block: Large shield      |       |       |       |       |       |       |       |       |  1103 ||  1103

Table legend:
 A = Spawn XP
 B = Non-spawn XP
 C = Spawn XP percentage of total XP
 D = Spawn monster count
 E = Non-spawn monster count
 F = Spawn count percentage of total count
 G = Total turns spent on level
                    A         B        C        D         E        F      G
               +---------+---------+-------+---------+---------+-------+---------
         Total |       0 |  225553 |   0.0 |       0 |     368 |   0.0 |  6589
               +---------+---------+-------+---------+---------+-------+---------
          Hell |       0 |     732 |   0.0 |       0 |       6 |   0.0 |   399
         Dis:1 |       0 |    1225 |   0.0 |       0 |       2 |   0.0 |    92
         Dis:4 |       0 |    2520 |   0.0 |       0 |       9 |   0.0 |   169
         Dis:5 |       0 |     594 |   0.0 |       0 |       4 |   0.0 |    51
         Dis:6 |       0 |       7 |   0.0 |       0 |       1 |   0.0 |    10
         Dis:7 |       0 |    8712 |   0.0 |       0 |      23 |   0.0 |   515
         Geh:1 |       0 |   65270 |   0.0 |       0 |     126 |   0.0 |  2029
         Geh:2 |       0 |    5842 |   0.0 |       0 |       7 |   0.0 |   131
         Geh:3 |       0 |    4454 |   0.0 |       0 |      14 |   0.0 |    49
         Geh:4 |       0 |   15510 |   0.0 |       0 |      29 |   0.0 |    88
         Geh:5 |       0 |   21563 |   0.0 |       0 |      46 |   0.0 |   353
         Geh:6 |       0 |    3199 |   0.0 |       0 |      12 |   0.0 |   177
         Geh:7 |       0 |   95925 |   0.0 |       0 |      89 |   0.0 |  2465
               +---------+---------+-------+---------+---------+-------+---------
